 Dungeon Crawl Stone Soup version 0.31-a0-960-g0fca184906 (webtiles) character file.

Game seed: 14283101748879730505

1866478 EnegeticOcto the Spellbinder (level 25, 161/161 HPs)
             Began as a Felid Chaos Knight on Oct 23, 2023.
             Was a Favourite Plaything of Xom.
             Escaped with the Orb
             ... and 3 runes!
             The game lasted 02:09:49 (54507 turns).

EnegeticOcto the Spellbinder (Felid Chaos Knight)  Turns: 54507, Time: 02:09:50

Health: 161/161    AC: 35    Str:  6      XL:     25   Next: 74%
Magic:  30/30      EV: 55    Int: 27      God:    Xom [.*....]
Gold:   4087       SH:  0    Dex: 24 (25) Spells: 15/32 levels left
                                        Lives:  2   Deaths: 5

rFire   + .          .
                       - Unarmed
rCold   + . .        (shield unavailable)
rNeg    + . .        (body armour unavailable)
rPois   ∞            (helmet unavailable)
rElec   +            (cloak unavailable)
rCorr   .            (gloves unavailable)
SInv    +            (boots unavailable)
Will    ++++.        n - amulet of regeneration
Stlth   +            k - ring of Baynir Lifa {AC+4 Int+5}
HPRegen 1.26/turn    r - ring of the Hare {EV+10}
MPRegen 0.22/turn

%: clarity
@: statue-form, very slow
A: slow and powerful, torment resistance 1, boosted hp, very small, claws 1,
fangs 3, see invisible, (speed 1), (shaggy fur 3), stealthy paws, no weapons or
thrown items, no armour, multi-lived, horns 3, clarity, clever 2, cold
resistance 1, fire resistance 1, strong-willed 1, mutation resistance 1, sense
surroundings 1, wild magic 2, MP-powered wands, noise suppression
0: Orb of Zot
}: 3/15 runes: serpentine, barnacled, silver
a: Begin Untransformation, Renounce Religion


You escaped.
You worshipped Xom.
You were a plaything of Xom.
You were a living statue of rough stone.
You visited 9 branches of the dungeon, and saw 47 of its levels.
You visited the Abyss 3 times.

You collected 9764 gold pieces.
You spent 5677 gold pieces at shops.

Inventory:

Missiles
 H - 5 curare-tipped darts
Jewellery
 k - the ring of Baynir Lifa (left paw) {AC+4 Int+5}
   (You bought it in a shop on level 1 of the Elven Halls)

   [ring of protection]

   AC+4:      It affects your AC (+4).
   Int+5:     It affects your intelligence (+5).
 n - an amulet of regeneration (around neck)
   (You found it on level 5 of the Dungeon)
 r - the ring of the Hare (right paw) {EV+10}
   (You found it on level 2 of the Vaults)

   [ring of evasion]

   EV+10:     It affects your evasion (+10).
 t - a ring of protection from fire
   (You found it on level 1 of the Depths)
 y - a +6 ring of dexterity
   (You found it on level 7 of the Dungeon)
 E - a ring of positive energy
   (You took it off an orc priest on level 10 of the Dungeon)
 P - the ring of Damefuer {rF+ rC+ rCorr Str+3}
   (You found it on level 5 of the Lair of Beasts)

   [ring of protection from fire]

   Str+3:     It affects your strength (+3).
   rF+:       It protects you from fire.
   rC+:       It protects you from cold.
   rCorr:     It protects you from acid and corrosion.
 U - a ring of wizardry
   (You found it on level 3 of the Elven Halls)
 W - a ring of protection from cold
   (You found it on level 5 of the Vaults)
 X - a ring of willpower
   (You found it on level 3 of the Elven Halls)
Wands
 h - a wand of flame (121) {@v4}
   (You found it on level 2 of the Dungeon)
 v - a wand of paralysis (51)
   (You found it on level 6 of the Dungeon)
 z - a wand of mindburst (29)
   (You found it on level 1 of the Snake Pit)
 B - a wand of iceblast (30) {@v2}
   (You found it on level 9 of the Dungeon)
 G - a wand of polymorph (13)
   (You found it on level 11 of the Dungeon)
 M - a wand of digging (27) {@v3}
   (You found it on level 15 of the Dungeon)
 T - a wand of acid (31) {@v1}
   (You bought it in a shop on level 1 of the Elven Halls)
Scrolls
 a - a scroll of butterflies
 b - 7 scrolls of immolation
 i - 11 scrolls of amnesia
 j - 6 scrolls of fog {!r}
 l - 3 scrolls of poison
 o - a scroll of revelation {@r5 !r}
 p - 5 scrolls of teleportation {@r3 !r}
 s - 6 scrolls of torment
 u - 2 scrolls of blinking {@r4}
 w - 5 scrolls of fear {!r}
 K - 25 scrolls of identify {@r1}
 L - 3 scrolls of vulnerability
 N - 3 scrolls of silence {!r}
 O - 2 scrolls of summoning
Potions
 c - 10 potions of brilliance
 d - 7 potions of ambrosia
 e - 5 potions of attraction
 f - 11 potions of enlightenment
 g - 4 potions of lignification {@q6}
 m - 14 potions of curing {@q1 !q}
 q - 7 potions of cancellation
 x - 3 potions of resistance
 A - 9 potions of mutation
 C - 6 potions of heal wounds {@q2 !q}
 D - 4 potions of might {@q3 !q}
 F - 6 potions of haste {@q4 !q}
 Q - 2 potions of magic
 V - a potion of invisibility
Miscellaneous
 I - a tin of tremorstones (2/2)
   (You found it on level 12 of the Dungeon)
 J - a box of beasts
   (You found it on level 4 of the Snake Pit)
 R - a phantom mirror
   (You found it on level 2 of the Depths)


   Skills:
 + Level 19.5 Fighting
 - Level 24.9 Dodging
 - Level 5.0 Stealth
 - Level 21.5 Unarmed Combat
 - Level 4.0 Spellcasting
 O Level 27 Hexes
 - Level 10.0 Translocations
 - Level 5.0 Transmutations
 - Level 5.0 Ice Magic
 - Level 5.0 Air Magic
 - Level 2.3 Earth Magic
 - Level 7.5 Evocations
 - Level 20.0 Shapeshifting


You had 15 spell levels left.
You knew the following spells:

 Your Spells              Type           Power      Damage    Failure   Level
a - Apportation           Tloc           100%       N/A       1%          1
b - Wereblood             Tmut           51%        N/A       5%          2
c - Fulminant Prism       Conj/Hex       45%        3d21      1%          4
d - Vhi's Electric Charg  Tloc/Air       100%       N/A       10%         4
e - Jinxbite              Hex            100%       N/A       1%          2
f - Ensorcelled Hibernat  Hex/Ice        100%       N/A       1%          2
p - Passwall              Tmut/Erth      33%        N/A       8%          2

Your spell library contained the following spells:

 Spells                   Type           Power      Damage    Failure   Level
 Blink                    Tloc           100%       N/A       1%          2
 Lesser Beckoning         Tloc           100%       N/A       1%          2
 Inner Flame              Hex/Fire       90%        N/A       1%          3
 Sigil of Binding         Hex            100%       N/A       1%          3
 Summon Guardian Golem    Hex/Summ       90%        N/A       1%          3
 Anguish                  Hex/Necr       45%        N/A       1%          4
 Leda's Liquefaction      Hex/Erth       47%        N/A       1%          4
 Metabolic Englaciation   Hex/Ice        49%        N/A       1%          5
 Silence                  Hex/Air        49%        N/A       1%          5
 Yara's Violent Unravell  Hex/Tmut       49%        3d19      1%          5
 Enfeeble                 Hex            63%        N/A       1%          7
 Gell's Gravitas          Tloc           76%        N/A       2%          3
 Teleport Other           Tloc           76%        N/A       2%          3
 Summon Mana Viper        Hex/Summ       90%        N/A       3%          5
 Discord                  Hex            63%        N/A       3%          8
 Freeze                   Ice            100%       1d10      4%          1
 Momentum Strike          Conj/Tloc      100%       3d10      5%          2
 Shock                    Conj/Air       100%       1d9       8%          1
 Sting                    Tmut/Pois      100%       1d8       8%          1
 Frozen Ramparts          Ice            100%       1d16      9%          3
 Swiftness                Air            51%        N/A       9%          3
 Volatile Blastmotes      Fire/Tloc      100%       2d18      9%          3
 Poisonous Vapours        Pois/Air       60%        N/A       11%         2
 Foxfire                  Conj/Fire      32%        2x1d5     17%         1
 Magic Dart               Conj           32%        1d4       17%         1
 Summon Small Mammal      Summ           32%        N/A       17%         1
 Hailstorm                Conj/Ice       30%        3d8       19%         3
 Airstrike                Air            25%        2d(4-20)  21%         4
 Iskenderun's Mystic Bla  Conj/Tloc      51%        2d11      21%         4
 Scorch                   Fire           16%        2d5       24%         2
 Searing Ray              Conj           16%        2d5       24%         2
 Mephitic Cloud           Conj/Pois/Air  23%        N/A       24%         3
 Stone Arrow              Conj/Erth      36%        3d9       28%         3
 Petrify                  Tmut/Erth      40%        N/A       32%         4
 Dispersal                Tloc           38%        N/A       36%         6
 Call Canine Familiar     Summ           8%         N/A       41%         3
 Summon Ice Beast         Ice/Summ       30%        N/A       45%         4
 Brom's Barrelling Bould  Conj/Erth      18%        2d4       61%         4
 Freezing Cloud           Conj/Ice/Air   18%        6-21      67%         5
 Animate Dead             Necr           8%         N/A       77%         4
 Flame Wave               Conj/Fire      8%         2d5       77%         4
 Olgreb's Toxic Radiance  Pois           8%         N/A       77%         4
 Alistair's Intoxication  Tmut/Pois      20%        N/A       77%         5
 Arcjolt                  Conj/Air       15%        1d25      77%         5
 Irradiate                Conj/Tmut      15%        3d16      77%         5
 Borgnjor's Vile Clutch   Necr/Erth      9%         N/A       90%         5
 Fireball                 Conj/Fire      4%         3d4       97%         5
 Iskenderun's Battlesphe  Conj           8%         2d6       97%         5
 Conjure Ball Lightning   Conj/Air       15%        3x3d6     99%         6
 Eringya's Noxious Bog    Tmut/Pois      15%        4d6       99%         6
 Plasma Beam              Fire/Air       15%        2x1d26    99%         6
 Simulacrum               Ice/Necr       15%        N/A       99%         6
 Starburst                Conj/Fire      4%         6d3       100%        6
 Summon Cactus Giant      Summ           4%         N/A       100%        6
 Haunt                    Necr/Summ      4%         N/A       100%        7
 Monstrous Menagerie      Summ           4%         N/A       100%        7
 Orb of Destruction       Conj           4%         9d5       100%        7
 Spellforged Servitor     Conj/Summ      4%         N/A       100%        7
 Ignition                 Fire           4%         3d4       100%        8
 Infestation              Necr           4%         N/A       100%        8
 Lehudib's Crystal Spear  Conj/Erth      9%         10d4      100%        8
 Maxwell's Capacitive Co  Air            25%        ∞         100%        8
 Dimensional Bullseye     Hex/Tloc       Unusable   N/A       N/A         4
 Sublimation of Blood     Necr           Unusable   N/A       N/A         2
 Animate Armour           Summ/Erth      Unusable   N/A       N/A         4

Dungeon Overview and Level Annotations

Branches:
Dungeon (15/15)            Temple (0/1) D:7            Lair (5/5) D:8
 Shoals (4/4) Lair:2        Snake (4/4) Lair:2        Slime (0/5) Lair:4
    Orc (2/2) D:12            Elf (3/3) Orc:2        Vaults (5/5) D:13
  Crypt (0/3) Vaults:3     Depths (4/4) D:15            Zot (5/5) Depths:4

Altars:
Dithmenos
Elyvilon
Fedhas
Gozag
Makhleb
Nemelex Xobeh
Okawaru
Ru
Uskayaw
Vehumet
Xom
The Shining One
Jiyva
Lugonu

Shops:
D:7 *   D:9 [!(!   Orc:2 (*=[   Elf:1 *::=   Elf:2 :   Shoals:3 ?
Vaults:4 [[(*   Vaults:5 =([   Depths:3 [((

Portals:
Hell: Depths:1 Depths:2 Depths:3 Depths:4
Abyss: Lair:5 Depths:3
Pandemonium: Depths:1 Depths:2
Ziggurat: Depths:2

Annotations:
Lair:4 1 runed translucent door, exclusion: door, ripuliukko's ghost, journeyman GrEE
Snake:1 Nikola
Snake:3 exclusion: 2 ice statues
Orc:1 2 transporters, haldagan's ghost, journeyman KoBr
Elf:2 6 runed translucent doors, qipq's ghost, adept OgCj


Innate Abilities, Weirdness & Mutations

You are a living statue of rough stone.
Your actions are slow, but your melee attacks are powerful.
You are resistant to unholy torment.
Your maximum health is greatly increased.
You are immune to poison.
You have sharp claws.
You have razor-sharp teeth.
You have supernaturally acute eyesight. (SInv)
((You cover ground quickly. (Speed+)))
((Your thick and shaggy fur keeps you warm. (AC +3, rC+)))
Your paws help you pounce on unaware monsters.
You are incapable of wielding weapons or throwing items.
You cannot wear armour.
You gain extra lives every three experience levels.
You have a pair of large horns on your head.
You possess an exceptional clarity of mind.
Your mind is very acute. (Int +8, Str/Dex -2)
Your flesh is cold resistant. (rC+)
Your flesh is heat resistant. (rF+)
You are strong-willed. (Will+)
You are somewhat resistant to further mutation.
You passively map a small area around you.
Your spells are harder to cast, but more powerful.
You expend magic power (3 MP) to strengthen your wands.
You passively dampen the noise of your surroundings.


Message History

The Orb Guardian is lightly wounded.
The Orb Guardian closely misses you.
You mangle the Orb Guardian!!
You headbutt the Orb Guardian, but do no damage.
The Orb Guardian is heavily wounded.
The Orb Guardian completely misses you. x2
You eviscerate the Orb Guardian!!!
You kill the Orb Guardian!
(D) Dungeon (T) Temple (L) Lair (A) Shoals (P) Snake Pit (M) Slime Pits (O) Orcish Mines (E) Elven Halls (V) Vaults (C) Crypt (U) Depths (H) Hell (Z) Zot
Where to? (Tab/Enter - D:1 @ (x,y), ? - help)
There is a stone staircase leading up here.
You climb upwards.
There is a stone staircase leading down here.
An Orb Guardian comes into view.
Unknown command.
You can't charge at the orb guardian because that's out of range!
Charge where?
Press: ? - help, Q - select action, (/) - cycle Dir - move target, f - Orb Guardian
Aim: an Orb Guardian (82% to hit)
You charge forward with an electric crackle!
You eviscerate the Orb Guardian and electrocute it!!!
Your claw misses the Orb Guardian.
The Orb Guardian is severely wounded.
The Orb Guardian hits you! The Orb Guardian misses you.
You eviscerate the Orb Guardian!!!
You kill the Orb Guardian!
(D) Dungeon (T) Temple (L) Lair (A) Shoals (P) Snake Pit (M) Slime Pits (O) Orcish Mines (E) Elven Halls (V) Vaults (C) Crypt (U) Depths (H) Hell (Z) Zot
Where to? (Tab/Enter - D:1 @ (x,y), ? - help)
An Ebyu, an Ice Fiend, a chaos spawn and a ynoxinul come into view.
Unknown command.
Blink to where?
Press: ? - help, Dir - move target
As you read the scroll of blinking {@r4}, it crumbles to dust.
Ebyu moves out of view.
The Ice Fiend moves out of view.
The chaos spawn moves out of view.
The ynoxinul moves out of view.
Really quaff
F - 8 potions of haste {@q4 !q}?
You feel yourself speed up.
A cacodemon, an orange demon and a sixfirhy come into view.
The cacodemon shouts!
The orange demon screeches!
You hear a grinding noise.
There is a stone staircase leading up here.
You climb upwards.
There is a stone staircase leading down here.
(D) Dungeon (T) Temple (L) Lair (A) Shoals (P) Snake Pit (M) Slime Pits (O) Orcish Mines (E) Elven Halls (V) Vaults (C) Crypt (U) Depths (H) Hell (Z) Zot
Where to? (Tab/Enter - D:1 @ (x,y), ? - help)
There is a stone staircase leading up here.
You climb upwards.
There is a stone staircase leading down here.
Your extra speed is starting to run out.
A rust devil, a red devil and an ancient lich come into view.
The ancient lich shouts!
The rust devil moves out of view.
Blink to where?
Press: ? - help, Dir - move target
As you read the scroll of blinking {@r4}, it crumbles to dust.
You feel yourself slow down.
You climb upwards.
There is a stone staircase leading down here.
Really quaff
F - 7 potions of haste {@q4 !q}?
You feel yourself speed up.
(D) Dungeon (T) Temple (L) Lair (A) Shoals (P) Snake Pit (M) Slime Pits (O) Orcish Mines (E) Elven Halls (V) Vaults (C) Crypt (U) Depths (H) Hell (Z) Zot
Where to? (Tab/Enter - D:1 @ (x,y), ? - help)
There is an open door here.
A soul eater comes into view.
There is a stone staircase leading up here.
You climb upwards.
There is a stone staircase leading down here.
(D) Dungeon (T) Temple (L) Lair (A) Shoals (P) Snake Pit (M) Slime Pits (O) Orcish Mines (E) Elven Halls (V) Vaults (C) Crypt (U) Depths (H) Hell (Z) Zot
Where to? (Tab/Enter - D:1 @ (x,y), ? - help)
There is a stone staircase leading up here.
You climb upwards.
There is a stone staircase leading down here.
There is a stone staircase leading up here.
You climb upwards.
There is a stone staircase leading down here.
Your extra speed is starting to run out.
You feel yourself slow down.
You see here a +0 dagger. "Suffer!"
You feel clumsy.
Blink to where?
Press: ? - help, Dir - move target
As you read the scroll of blinking {@r4}, it crumbles to dust.
There is a staircase leading out of the dungeon here.
You have escaped!

####........##
#≈≈##.......#
#≈≈≈~≈≈~~..##
##≈≈~~~≈~)~≈###
#####..≈~≈≈≈≈#
#....#≈≈≈#
##...###≈#
#..## ## #8##
###


There were no monsters in sight!

Vanquished Creatures
  A dread lich (Vaults:5)
  Mara (Snake:4)
  An ancient lich (Vaults:5)
  A juggernaut (Depths:3)
  Margery (Vaults:4)
  Saint Roka (Vaults:5)
  A caustic shrike (Depths:2)
  Vashnia (Snake:2)
  Xtahua (Vaults:2)
  3 golden dragons
  Jory (Vaults:2)
  2 bone dragons (Depths:4)
  A hellephant (Abyss:3)
  2 liches
  7 tentacled monstrosities
  9 Orb Guardians
  2 walking crystal tomes (Depths:3)
  Rupert (D:12)
  Zenata (Elf:1)
  2 walking frostbound tomes (Depths:3)
  2 titans
  Mlioglotl (Snake:2)
  10 sphinxes
  An Executioner (Abyss:3)
  A deep elf blademaster (Elf:3)
  Frances (D:13)
  A death cob (Zot:5)
  An ancient champion (Depths:4)
  Polyphemus (Shoals:2)
  3 krakens
  2 tentacled starspawn (Abyss:4)
  10 storm dragons
  Kirke (D:12)
  5 shadow dragons
  Roxanne (D:15)
  Aizul (Snake:4)
  Donald (Snake:3)
  A draconian monk (Depths:4)
  8 tengu reavers
  12 nagarajas
  15 frost giants
  14 vault wardens
  2 draconian knights
  An iron dragon (Vaults:5)
  7 fire giants
  5 deep elf sorcerers
  A deep elf elementalist (Elf:3)
  Louise (Shoals:1)
  27 very ugly things
  2 spriggan defenders (Depths:2)
  4 orc warlords
  2 formless jellyfish (Vaults:2)
  23 ironbound preservers
  5 ironbound thunderhulks
  6 war gargoyles
  15 stone giants
  4 vampire knights (Depths:2)
  5 deep elf demonologists
  A formless jellyfish (shapeshifter) (Vaults:5)
  7 deep elf annihilators (Elf:3)
  Nessos (D:12)
  4 black draconians
  A purple draconian (Depths:4)
  A spark wasp (Depths:2)
  11 dire elephants
  A lorocyproca (Zot:5)
  2 yellow draconians
  2 white draconians (Zot:5)
  5 red draconians
  An eidolon (Abyss:4)
  A crystal guardian (Abyss:4)
  A green death (D:15)
  21 ettins
  4 deep elf death magi
  8 merfolk impalers
  5 merfolk javelineers
  A blizzard demon (Depths:1)
  Snorg (D:14)
  11 fire dragons
  4 deep elf high priests
  3 entropy weavers
  3 salamander tyrants
  5 peacekeepers
  18 yaktaur captains
  3 hell beasts
  8 great orbs of eyes
  5 rakshasas
  33 vault guards
  6 hydras
  4 merfolk avatars
  An ice dragon (shapeshifter) (Vaults:5)
  An alligator snapping turtle (Shoals:1)
  A spriggan air mage (Depths:2)
  7 ice dragons
  11 ironbound frosthearts
  2 ogre magi
  A catoblepas (Shoals:2)
  14 anacondas
  5 merfolk aquamancers
  3 two-headed ogres
  4 boulder beetles
  18 centaur warriors
  4 death yaks
  16 deep troll shamans
  A sphinx skeleton (Vaults:2)
  The ghost of Talonman3 the Slicer, a journeyman KoNe of Kikubaaqudgha (D:10)
  14 naga warriors
  A demonic crawler (D:8)
  6 orc high priests
  4 thrashing horrors
  5 satyrs
  18 dancing weapons
  3 tengu warriors
  9 deep troll earth magi
  A soul eater (Depths:1)
  13 naga sharpshooters
  2 occultists
  A titan zombie (Vaults:1)
  A vampire mage (Depths:1)
  5 spriggan berserkers
  5 shock serpents
  16 hell knights
  A skyshark (shapeshifter) (D:14)
  3 sun demons
  3 wretched stars (Abyss:4)
  24 deep elf knights
  14 iron trolls
  A spectral spark wasp (Depths:4)
  17 sea snakes
  A skeletal warrior (D:13)
  3 skysharks
  A death drake (shapeshifter) (Depths:2)
  A swamp dragon (Abyss:4)
  2 shadow demons
  A flayed ghost (Depths:2)
  60 deep trolls
  3 glowing orange brains
  12 deep elf archers
  22 harpies
  3 phantasmal warriors (Vaults:5)
  5 naga ritualists
  15 starcursed masses (Abyss:4)
  8 arcanists
  9 necromancers
  37 deep elf pyromancers
  34 ironbound convokers
  6 lindwurms
  28 deep elf zephyrmancers
  6 orc knights
  6 mana vipers
  A harpy (shapeshifter) (Lair:5)
  29 ugly things
  4 orc sorcerers
  An iron dragon zombie (Abyss:3)
  A stone giant zombie (Vaults:2)
  A shadow dragon skeleton (Vaults:2)
  21 fauns
  8 salamanders
  2 worldbinders
  7 cyclopes
  A moth of wrath (Shoals:2)
  16 manticores
  11 merfolk sirens
  A manticore (shapeshifter) (Depths:4)
  Maurice (D:8)
  5 elephants
  Joseph (Lair:1)
  22 naga magi
  A centaur zombie (D:15)
  5 water nymphs
  A stone giant skeleton (Vaults:1)
  A guardian serpent (shapeshifter) (Depths:4)
  33 black mambas
  19 vault sentinels
  2 gargoyles
  6 smoke demons
  3 centaur skeletons
  9 guardian serpents
  7 cane toads
  A rime drake (shapeshifter) (Vaults:5)
  2 unseen horrors
  A rime drake (Lair:5)
  8 yaktaurs
  A yaktaur (shapeshifter) (Lair:1)
  Psyche (D:12)
  3 kobold demonologists
  8 ancient zymes
  A freezing wraith (Vaults:5)
  17 komodo dragons
  4 tengu conjurers
  A redback zombie (D:15)
  A hydra zombie (Abyss:3)
  6 trolls
  24 merfolk
  7 polar bears
  8 wind drakes
  A blink frog (shapeshifter) (Depths:1)
  4 snapping turtles
  2 hornets (shapeshifter)
  5 raiju
  3 glass eyes
  11 dream sheep
  24 blink frogs
  43 slime creatures
  5 air elementals
  A culicivora (shapeshifter) (Elf:1)
  A spriggan (Lair:5)
  2 wraiths
  3 ynoxinuls (Lair:5)
  2 centaur simulacra
  3 shadows
  A vampire (D:12)
  3 wyverns
  2 culicivoras (Vaults:5)
  6 fire elementals
  19 water elementals
  6 basilisks
  21 yaks
  3 chaos spawn
  6 redbacks
  A steam dragon (D:9)
  16 small abominations
  10 vampire mosquitoes
  A human simulacrum (Vaults:2)
  67 nagas
  7 wargs
  4 acid dragons
  18 water moccasins
  11 large abominations
  4 sky beasts
  5 black bears
  An ice beast (D:6)
  36 orc warriors
  9 boggarts
  An elf simulacrum (Vaults:1)
  8 ogres
  6 centaurs
  15 wolves
  6 kobold brigands
  17 bullfrogs
  A gnoll sergeant (D:12)
  7 scorpions
  A glowing shapeshifter simulacrum (Vaults:1)
  A human skeleton (Vaults:2)
  4 wights
  15 killer bees
  4 electric eels
  2 howler monkeys
  A crimson imp (Abyss:4)
  4 jellies
  A quasit (Abyss:2)
  30 orc priests
  An iron imp (Abyss:3)
  Crazy Yiuf (D:2)
  A sleepcap (D:7)
  13 iguanas
  Ijyb (D:5)
  35 orc wizards
  10 gnolls
  12 adders
  A shadow imp (D:8)
  2 white imps
  An ufetubus (D:5)
  A worm (D:4)
  87 orcs
  3 bats
  11 endoplasms
  4 giant cockroaches
  3 goblins
  6 hobgoblins
  19 kobolds
  4 quokkas
  5 ball pythons
  7 frilled lizards
  8 rats
  A butterfly (Lair:2)
  A starspawn tentacle (Abyss:4)
  12 tentacles
2000 creatures vanquished.

Vanquished Creatures (collateral kills)
  A merfolk impaler (Shoals:2)
  2 merfolk aquamancers (Shoals:4)
  An anaconda (Snake:2)
  A hell knight (Vaults:3)
  2 deep trolls
  A deep elf pyromancer (D:13)
  A cyclops (D:11)
  2 naga magi (Snake:2)
  A black mamba (Snake:2)
  A merfolk siren (Shoals:4)
  2 centaur skeletons (D:13)
  A troll (D:11)
  2 merfolk
  2 snapping turtles (Shoals:4)
  A slime creature (D:12)
  A wraith (D:11)
  A vampire (D:11)
  2 hogs (D:12)
  Edmund (D:5)
  An acid dragon (D:11)
  A phantom (D:3)
  A scorpion (D:5)
  An orc priest (D:12)
  Terence (D:2)
  3 gnolls (D:2)
  An ufetubus (D:5)
  A bat (D:2)
  A kobold (D:10)
37 creatures vanquished.

Vanquished Creatures (others)
  A very ugly thing (Depths:2)
  A centaur warrior (Vaults:1)
  A two-headed ogre (D:15)
  6 dancing weapons
  2 naga warriors (Snake:2)
  An ironbound convoker (Vaults:1)
  An arcanist (Vaults:2)
  A deep elf zephyrmancer (Elf:2)
  A gargoyle (D:15)
  A yaktaur (Vaults:1)
  A merfolk (Shoals:4)
  A raiju (Abyss:4)
  A dream sheep (Shoals:4)
  A water elemental (Depths:2)
  A human (D:12)
  2 nagas
  A wight (D:8)
  An orc (Orc:2)
  11 fulminant prisms (D:15)
  2 lurking horrors (Abyss:3)
  4 starspawn tentacles
  37 tentacles
79 creatures vanquished.

Grand Total: 2116 creatures vanquished

Notes
Turn   | Place    | Note
-------+----------+-------------------------------------------
     0 | D:1      | EnegeticOcto the Felid Chaos Knight began the quest for the
                  | Orb.
     0 | D:1      | Reached XP level 1. HP: 10/10 MP: 2/2
    35 | D:1      | Reached skill level 1 in Stealth
    55 | D:1      | XOM: divination: detect creatures
   100 | D:1      | XOM: silly message
   137 | D:1      | Reached skill level 2 in Stealth
   172 | D:1      | Reached XP level 2. HP: 14/14 MP: 3/3
   275 | D:1      | XOM: butterfly on damage
   307 | D:1      | Reached skill level 3 in Stealth
   388 | D:1      | XOM: butterfly on damage
   479 | D:1      | XOM: 3-stop teleportation journey
   756 | D:2      | Noticed Terence
   972 | D:2      | Reached XP level 3. HP: 14/17 MP: 4/4
  1218 | D:2      | XOM: cast spell 'Summon Horrible Things'
  1233 | D:2      | Killed Terence
  1234 | D:2      | Reached skill level 4 in Unarmed Combat
  1234 | D:2      | Reached XP level 4. HP: 21/21 MP: 5/5
  1408 | D:2      | Found a runed translucent door.
  1409 | D:2      | Noticed Crazy Yiuf
  1793 | D:3      | Found a glowing golden altar of the Shining One.
  1829 | D:2      | Learned a level 2 spell: Ensorcelled Hibernation
  1931 | D:3      | XOM is BORED!
  1950 | D:3      | Noticed a phantom
  1960 | D:3      | XOM: cast spell 'Monstrous Menagerie'
  1962 | D:3      | Killed a phantom
  1963 | D:3      | Reached skill level 5 in Unarmed Combat
  1963 | D:3      | Reached skill level 2 in Hexes
  1963 | D:3      | Reached skill level 1 in Ice Magic
  1963 | D:3      | Reached XP level 5. HP: 24/24 MP: 6/6
  2015 | D:3      | XOM: silly message
  2121 | D:3      | Found a faded altar of an unknown god.
  2631 | D:4      | Learned a level 2 spell: Passwall
  2640 | D:4      | Reached skill level 3 in Hexes
  2640 | D:4      | Reached skill level 2 in Ice Magic
  2640 | D:4      | Gained mutation: You are covered in thick fur. (AC +2)
                  | [Felid growth]
  2640 | D:4      | Reached XP level 6. HP: 14/28 MP: 4/7
  2809 | D:4      | XOM: god gift: runed demon whip {god gift}
  2879 | D:4      | Found a sacrificial altar of Ru.
  2879 | D:4      | Found a shimmering altar of Xom.
  2980 | D:4      | XOM: god gift: atropa-tipped dart
  3095 | D:4      | Found a hide-covered altar of Uskayaw.
  3268 | D:4      | XOM: 1-stop teleportation journey
  3336 | D:4      | Reached skill level 4 in Hexes
  3495 | D:5      | Entered Level 5 of the Dungeon
  3508 | D:4      | Reached skill level 3 in Ice Magic
  3559 | D:4      | XOM: god gift: atropa-tipped dart
  3623 | D:5      | XOM: scenery: 1 doors open
  3627 | D:5      | Noticed Ijyb
  3638 | D:5      | Killed Ijyb
  3892 | D:5      | Reached skill level 5 in Hexes
  4015 | D:5      | Reached XP level 7. HP: 31/31 MP: 8/8
  4022 | D:5      | XOM: summons 7 friendly demons
  4029 | D:5      | Reached skill level 6 in Hexes
  4083 | D:5      | Reached skill level 1 in Spellcasting
  4426 | D:5      | Reached skill level 4 in Dodging
  4550 | D:5      | Noticed Edmund
  4576 | D:5      | XOM: butterfly on damage
  4590 | D:5      | XOM: cast spell 'Summon Mana Viper'
  4593 | D:5      | Killed Edmund
  4594 | D:5      | Reached skill level 2 in Spellcasting
  4828 | D:5      | XOM: summons 1 hostile demon
  4829 | D:5      | Noticed a red devil
  5077 | D:6      | XOM: 1-stop teleportation journey
  5082 | D:6      | Reached skill level 4 in Fighting
  5082 | D:6      | Reached skill level 5 in Dodging
  5082 | D:6      | Reached skill level 7 in Hexes
  5114 | D:6      | Reached XP level 8. HP: 30/36 MP: 12/12
  5151 | D:6      | XOM: 1-stop teleportation journey
  5207 | D:6      | Reached skill level 6 in Dodging
  5222 | D:6      | XOM: smoke on damage
  5296 | D:6      | Reached skill level 5 in Fighting
  5307 | D:6      | Reached skill level 4 in Stealth
  5340 | D:6      | Reached skill level 5 in Stealth
  5491 | D:6      | XOM: stat loss: -1 Dex (17/18)
  5676 | D:6      | Identified the +5 war axe of Tension {heavy, Str+2}
  5884 | D:6      | Reached skill level 3 in Spellcasting
  6099 | D:6      | XOM: silly message
  6234 | D:6      | XOM: polymorph steam dragon -> ogre
  6342 | D:6      | XOM: give mutations
  6342 | D:6      | Gained mutation: You are agile. (Dex +4, Str/Int -1) [Xom's
                  | mischief]
  6342 | D:6      | Gained mutation: Your spells are a little easier to cast,
                  | but a little less powerful. [Xom's mischief]
  6377 | D:6      | Reached skill level 8 in Hexes
  6377 | D:6      | Reached skill level 1 in Evocations
  6483 | D:7      | Reached skill level 3 in Evocations
  6488 | D:7      | Identified the +0 pair of gloves of the Pits of Slime {rF-
                  | Str+2 Dex+4}
  6522 | D:7      | XOM: enchant monster (bad)
  6532 | D:7      | Reached skill level 4 in Evocations
  6631 | D:7      | Found Gozag's Platinum Reserve.
  6631 | D:7      | Found an opulent altar of Gozag.
  6631 | D:7      | XOM: 1-stop teleportation journey
  6701 | D:7      | Reached XP level 9. HP: 40/40 MP: 9/14
  6761 | D:7      | XOM: 2-stop teleportation journey
  6873 | D:7      | XOM: silly message
  6889 | D:7      | Found a staircase to the Ecumenical Temple.
  7072 | D:7      | Learned a level 2 spell: Jinxbite
  7078 | D:7      | XOM: chaos upgrade
  7158 | D:8      | XOM: silly message
  7160 | D:8      | XOM: stat loss: -1 Int (11/12)
  7174 | D:8      | XOM: confusion
  7178 | D:8      | XOM: confusion
  7184 | D:8      | XOM: chaos upgrade
  7197 | D:8      | XOM: confusion
  7417 | D:8      | Noticed a komodo dragon
  7417 | D:8      | XOM: confusion
  7428 | D:8      | XOM: divine lightning
  7598 | D:8      | Reached skill level 7 in Dodging
  7674 | D:8      | Reached skill level 6 in Unarmed Combat
  7677 | D:8      | XOM: fog
  7695 | D:8      | Found a staircase to the Lair.
  7707 | D:8      | Reached skill level 8 in Dodging
  7726 | D:8      | XOM: divination: magic mapping
  7731 | D:8      | XOM: 1-stop teleportation journey
  7734 | D:8      | Reached skill level 7 in Unarmed Combat
  7745 | D:8      | a komodo dragon changed into a mana viper
  7745 | D:8      | Noticed a mana viper
  7745 | D:8      | XOM: polymorph komodo dragon -> mana viper
  7752 | D:8      | Killed a mana viper
  8293 | D:8      | XOM: silly message
  8325 | D:8      | Noticed a komodo dragon
  8343 | D:8      | Killed a komodo dragon
  8421 | D:8      | Noticed Maurice
  8434 | D:8      | Killed Maurice
  8435 | D:8      | Reached skill level 6 in Fighting
  8435 | D:8      | Reached skill level 9 in Dodging
  8435 | D:8      | Reached skill level 4 in Spellcasting
  8435 | D:8      | Reached XP level 10. HP: 45/45 MP: 8/17
  8446 | D:8      | XOM: torment (24/45 hp)
  8450 | D:8      | XOM: give mutations
  8450 | D:8      | Gained mutation: You are partially covered in iridescent
                  | scales. (AC +2) [Xom's mischief]
  8450 | D:8      | Gained mutation: You have a pair of small horns on your
                  | head. [Xom's mischief]
  8498 | D:8      | XOM: give mutations
  8498 | D:8      | Gained mutation: Your skin changes colour to match your
                  | surroundings (Stealth+). [Xom's grace]
  8498 | D:8      | Gained mutation: You possess an exceptional clarity of
                  | mind. [Xom's grace]
  8623 | D:9      | Found Zafunn's Armour Shoppe.
  8640 | D:9      | XOM: summons friendly crimson imp
  8660 | D:9      | Found Kityab's Distillery.
  8760 | D:9      | XOM: summons 2 hostile shadow creatures
  8855 | D:9      | Reached skill level 8 in Unarmed Combat
  9091 | D:9      | XOM: enchant monster (bad)
  9270 | D:9      | Found Dycky's Distillery.
  9276 | D:9      | Found Xarchur's Antique Weapon Emporium.
  9278 | D:9      | Bought a potion of heal wounds for 60 gold pieces
  9278 | D:9      | Bought a potion of curing for 36 gold pieces
  9283 | D:9      | XOM: torment (24/46 hp)
  9323 | D:9      | Bought a potion of enlightenment for 65 gold pieces
  9323 | D:9      | Bought a potion of attraction for 39 gold pieces
  9323 | D:9      | Bought a potion of heal wounds for 65 gold pieces
  9323 | D:9      | Bought a potion of heal wounds for 65 gold pieces
  9323 | D:9      | Bought a potion of cancellation for 104 gold pieces
  9362 | D:9      | XOM: give mutations
  9362 | D:9      | Gained mutation: You occasionally lose the ability to drink
                  | potions when taking damage. [Xom's mischief]
  9362 | D:9      | Gained mutation: Your spells are easier to cast, but less
                  | powerful. [Xom's mischief]
  9362 | D:9      | Gained mutation: You expend magic power (3 MP) to
                  | strengthen your wands. [Xom's mischief]
  9362 | D:9      | Lost mutation: You have a pair of small horns on your head.
                  | [Xom's mischief]
  9493 | D:10     | Entered Level 10 of the Dungeon
  9493 | D:10     | XOM: repel stairs
  9499 | D:10     | XOM: noise
  9500 | D:10     | XOM: summons friendly shadow imp
  9509 | D:10     | Noticed an eight-headed hydra
  9515 | D:10     | Reached skill level 10 in Dodging
  9526 | D:10     | XOM: chaos upgrade
  9530 | D:10     | XOM: cast spell 'Summon Ice Beast'
  9666 | D:10     | Found a runed translucent gate.
  9667 | D:10     | Found a runed translucent gate.
  9667 | D:10     | Noticed Talonman3's ghost (journeyman KoNe)
  9668 | D:10     | Found a runed translucent gate.
  9670 | D:10     | Identified the +0 chain mail of Liaffaop {Harm rPois}
  9690 | D:10     | Killed an eight-headed hydra
  9691 | D:10     | Reached skill level 7 in Fighting
  9691 | D:10     | Reached skill level 9 in Unarmed Combat
  9695 | D:10     | Found a burning altar of Makhleb.
  9736 | D:10     | XOM: noise
  9751 | D:10     | XOM: potion effect (might)
  9905 | D:10     | XOM: give mutation
  9905 | D:10     | Lost mutation: You expend magic power (3 MP) to strengthen
                  | your wands. [Xom's mischief]
 10054 | D:10     | XOM: give mutations
 10054 | D:10     | Gained mutation: Your magical capacity is low. (-10% MP)
                  | [Xom's mischief]
 10054 | D:10     | Gained mutation: You occasionally lose the ability to read
                  | scrolls when taking damage. [Xom's mischief]
 10054 | D:10     | Lost mutation: You are partially covered in iridescent
                  | scales. (AC +2) [Xom's mischief]
 10151 | Lair:1   | Entered Level 1 of the Lair of Beasts
 10192 | Lair:1   | XOM: silly message
 10215 | Lair:1   | XOM: give mutations
 10215 | Lair:1   | Gained mutation: You are vulnerable to cold. (rC-) [Xom's
                  | mischief]
 10215 | Lair:1   | Lost mutation: You are vulnerable to cold. (rC-) [Xom's
                  | mischief]
 10215 | Lair:1   | Lost mutation: You occasionally lose the ability to read
                  | scrolls when taking damage. [Xom's mischief]
 10236 | Lair:1   | Reached skill level 10 in Unarmed Combat
 10263 | Lair:1   | XOM: summons 3 hostile demons
 10264 | Lair:1   | XOM: potion effect (berserk rage)
 10404 | Lair:1   | Noticed Joseph
 10514 | Lair:1   | XOM: 3-stop teleportation journey
 10520 | Lair:1   | Reached XP level 11. HP: 50/50 MP: 9/16
 10525 | Lair:1   | Reached skill level 9 in Hexes
 10563 | Lair:1   | XOM: 4-stop teleportation journey
 10620 | Lair:1   | XOM: draining
 10713 | Lair:1   | XOM: cast spell 'Summon Small Mammal'
 10752 | Lair:1   | XOM: 1-stop teleportation journey
 10757 | Lair:1   | Reached skill level 11 in Dodging
 10819 | Lair:1   | Found the +8 whip "Snakebite" {venom, curare, rPois}
 10942 | Lair:1   | Reached skill level 10 in Hexes
 11397 | Lair:1   | XOM: noise
 11414 | Lair:1   | XOM: summons friendly ufetubus
 11420 | Lair:1   | XOM: confuse monster(s)
 11425 | Lair:1   | Reached skill level 12 in Dodging
 11425 | Lair:1   | XOM: enchant monster (bad)
 11426 | Lair:1   | XOM: blink monster(s)
 11429 | Lair:1   | Reached skill level 11 in Hexes
 11434 | Lair:1   | XOM: polymorph yak -> polar bear
 11437 | Lair:1   | XOM: polymorph polar bear -> shapeshifter
 11459 | Lair:1   | XOM: confuse monster(s)
 11483 | Lair:1   | Reached skill level 12 in Hexes
 11504 | Lair:1   | XOM: polymorph sky beast -> shapeshifter
 11507 | Lair:1   | XOM: butterfly on damage
 11511 | Lair:1   | XOM: fake destruction
 11665 | Lair:1   | XOM: cast spell 'Discord'
 11668 | Lair:1   | Killed Joseph
 11685 | Lair:1   | XOM: enchant monster (good)
 11694 | Lair:1   | Reached skill level 11 in Unarmed Combat
 12320 | Lair:2   | XOM: smoke on damage
 12321 | Lair:2   | XOM: enchant monster (good)
 12520 | Lair:2   | Reached skill level 12 in Unarmed Combat
 12522 | Lair:2   | Gained mutation: Your thick and shaggy fur keeps you warm.
                  | (AC +3, rC+) [Felid growth]
 12522 | Lair:2   | Reached XP level 12. HP: 54/54 MP: 14/17
 12617 | Lair:2   | XOM: polymorph butterfly -> adder
 12734 | Lair:2   | XOM: scenery: 2 doors open
 12736 | Lair:2   | XOM: confuse monster(s)
 12768 | Lair:1   | XOM: potion effect (brilliance)
 12770 | Lair:1   | XOM: cast spell 'Summon Cactus Giant'
 12894 | Lair:2   | XOM: enchant monster (good)
 12903 | Lair:2   | Reached skill level 13 in Unarmed Combat
 13052 | Lair:2   | Noticed a death yak
 13089 | Lair:2   | Noticed a death yak
 13292 | Lair:2   | XOM: divination: magic mapping
 13456 | Lair:2   | Found a staircase to the Snake Pit.
 13609 | Lair:2   | Found a staircase to the Shoals.
 13651 | Lair:2   | Noticed a death yak
 13656 | Lair:2   | Noticed a death yak
 13658 | Lair:2   | Noticed a death yak
 13662 | Lair:2   | XOM: divination: detect items
 13692 | Lair:2   | XOM: divination: detect items
 13884 | Lair:2   | XOM: cloud trail
 14178 | Lair:3   | Reached skill level 14 in Unarmed Combat
 14336 | Lair:3   | XOM: god gift: 37 gold pieces
 14368 | Lair:3   | XOM: scenery: create altars
 14392 | Lair:3   | XOM: scenery: summon butterflies
 14614 | Lair:3   | XOM: god gift: +1 broad axe of chaos
 14822 | Lair:4   | Noticed a six-headed hydra
 14823 | Lair:4   | XOM: fake destruction
 14825 | Lair:4   | XOM: enchant monster (good)
 14826 | Lair:4   | Killed a six-headed hydra
 14862 | Lair:4   | Found a runed translucent door.
 14862 | Lair:4   | Noticed ripuliukko's ghost (journeyman GrEE)
 14880 | Lair:4   | Learned a level 4 spell: Vhi's Electric Charge
 14901 | Lair:4   | Reached skill level 1 in Translocations
 14982 | Lair:4   | XOM: give mutations
 14982 | Lair:4   | Gained mutation: You are somewhat resistant to further
                  | mutation. [Xom's grace]
 14982 | Lair:4   | Gained mutation: You are very agile. (Dex +8, Str/Int -2)
                  | [Xom's grace]
 15014 | Lair:4   | XOM: god gift: 42 gold pieces
 15033 | Lair:4   | Reached skill level 2 in Translocations
 15238 | Lair:4   | Found a viscous altar of Jiyva.
 15239 | Lair:4   | Found a staircase to the Slime Pits.
 15308 | Lair:4   | XOM: summons 4 hostile demons
 15369 | Lair:4   | Reached skill level 3 in Translocations
 15376 | Lair:4   | XOM: fog
 15468 | Lair:4   | Reached skill level 4 in Ice Magic
 15484 | Lair:4   | Reached skill level 4 in Translocations
 16145 | Lair:5   | Entered Level 5 of the Lair of Beasts
 16163 | Lair:5   | XOM: give mutation
 16163 | Lair:5   | Gained mutation: Your flesh is heat resistant. (rF+) [Xom's
                  | grace]
 16166 | Lair:5   | XOM: divine lightning
 16188 | Lair:5   | XOM: swap monsters
 16199 | Lair:5   | XOM: cleaving
 16219 | Lair:5   | Reached skill level 5 in Translocations
 16327 | Lair:5   | XOM: blink monster(s)
 16337 | Lair:5   | Reached XP level 13. HP: 48/57 MP: 6/18
 16744 | Lair:5   | Reached skill level 6 in Translocations
 16744 | Lair:5   | Reached skill level 5 in Ice Magic
 16767 | Lair:5   | XOM: blink monster(s)
 16774 | Lair:5   | Reached skill level 1 in Air Magic
 16791 | Lair:5   | XOM: enchant monster (bad)
 16807 | Lair:5   | Reached skill level 7 in Translocations
 16826 | Lair:5   | XOM: 1-stop teleportation journey
 16842 | Lair:5   | XOM: scenery: summon butterflies
 16893 | Lair:5   | XOM: give mutations
 16893 | Lair:5   | Lost mutation: Your skin changes colour to match your
                  | surroundings (Stealth+). [Xom's mischief]
 16893 | Lair:5   | Lost mutation: Your magical capacity is low. (-10% MP)
                  | [Xom's mischief]
 16920 | Lair:5   | Reached skill level 2 in Air Magic
 16987 | Lair:5   | XOM: god gift: fuming puce potion {god gift}
 17034 | Lair:5   | Lost mutation: You are very agile. (Dex +8, Str/Int -2)
                  | [potion of mutation]
 17034 | Lair:5   | Lost mutation: Your spells are easier to cast, but less
                  | powerful. [potion of mutation]
 17072 | Lair:5   | XOM: enchant monster (good)
 17077 | Lair:5   | XOM: cast spell 'Call Canine Familiar'
 17100 | Lair:5   | XOM: blink monster(s)
 17109 | Lair:5   | Reached skill level 8 in Translocations
 17129 | Lair:5   | XOM: noise
 17332 | Lair:5   | XOM: silly message
 17389 | Lair:5   | XOM: cast spell 'Olgreb's Toxic Radiance'
 17405 | Lair:5   | Reached skill level 3 in Air Magic
 17814 | D:11     | XOM is BORED!
 17814 | D:11     | XOM: 2-stop teleportation journey
 17818 | D:11     | Reached skill level 9 in Translocations
 17980 | D:11     | Reached skill level 4 in Air Magic
 18163 | D:11     | Reached skill level 10 in Translocations
 18362 | D:11     | XOM: summons friendly shadow imp
 18468 | D:12     | Reached skill level 5 in Air Magic
 18612 | D:12     | Found a staircase to the Orcish Mines.
 18755 | D:12     | Noticed Psyche
 18849 | D:12     | Noticed Kirke
 18861 | D:12     | XOM: cast spell 'Summon Cactus Giant'
 19005 | D:12     | XOM: butterfly on damage
 19051 | D:12     | XOM: enchant monster (bad)
 19061 | D:12     | Killed Psyche
 19062 | D:12     | Reached skill level 5 in Evocations
 19073 | D:12     | Noticed Rupert
 19082 | D:12     | Killed Rupert
 19199 | D:12     | XOM: cleaving
 19302 | D:12     | XOM: confuse monster(s)
 19305 | D:12     | Reached skill level 8 in Fighting
 19404 | D:12     | XOM: 1-stop teleportation journey
 19529 | D:12     | Noticed Nessos
 19531 | D:12     | XOM: fog
 19543 | D:12     | Slain by Kirke
 19565 | D:12     | XOM: enchant monster (bad)
 19607 | D:12     | XOM: summons 4 hostile demons
 19618 | D:12     | XOM: smoke on damage
 19659 | D:12     | XOM: silly message
 19818 | D:12     | Found a white marble altar of Elyvilon.
 19843 | D:12     | Killed Kirke
 19844 | D:12     | Reached skill level 13 in Dodging
 19863 | D:12     | Killed Nessos
 19896 | D:9      | Bought a potion of haste for 120 gold pieces
 19896 | D:9      | Bought a potion of cancellation for 96 gold pieces
 20089 | Orc:1    | Entered Level 1 of the Orcish Mines
 20091 | Orc:1    | XOM: polymorph orc warrior -> howler monkey
 20099 | Orc:1    | Reached skill level 6 in Evocations
 20105 | Orc:1    | Reached XP level 14. HP: 62/63 MP: 21/21
 20179 | D:12     | XOM: enchant monster (good)
 20195 | D:12     | XOM: stat loss: -1 Str (6/7)
 20438 | Orc:1    | Found a transporter.
 20439 | Orc:1    | Identified the +1 giant spiked club of the Solemn God
                  | {elec, Stlth+}
 20440 | Orc:1    | Noticed haldagan's ghost (journeyman KoBr)
 20464 | Orc:1    | XOM: stat loss: -1 Dex (29/30)
 20468 | Orc:1    | Found a transporter.
 20504 | D:12     | XOM: torment (33/63 hp)
 20587 | Orc:1    | Noticed an orc warlord
 20597 | Orc:1    | XOM: 1-stop teleportation journey
 20609 | Orc:1    | XOM: swap monsters
 20775 | Orc:1    | XOM: give mutations
 20775 | Orc:1    | Lost mutation: You are agile. (Dex +4, Str/Int -1) [Xom's
                  | mischief]
 20775 | Orc:1    | Lost mutation: You occasionally lose the ability to drink
                  | potions when taking damage. [Xom's mischief]
 20775 | Orc:1    | Gained mutation: Your flesh is cold resistant. (rC+) [Xom's
                  | mischief]
 20775 | Orc:1    | Gained mutation: You are strong-willed. (Will+) [Xom's
                  | mischief]
 20804 | Orc:1    | Killed an orc warlord
 20804 | Orc:1    | XOM: divination: magic mapping
 20819 | Orc:1    | XOM: summons friendly white imp
 20834 | Orc:1    | XOM: polymorph white imp -> ufetubus
 20866 | Abyss:2  | Cast into level 2 of the Abyss (Xom)
 20952 | Abyss:2  | XOM: polymorph iron imp -> quasit
 20953 | Abyss:2  | XOM: scenery: create altars
 21014 | Abyss:2  | Noticed a bone dragon
 21016 | Abyss:2  | XOM: summons 1 hostile demon
 21090 | Abyss:2  | XOM: swap monsters
 21100 | Abyss:2  | XOM: silly message
 21103 | Abyss:2  | XOM: summons 4 friendly demons
 21106 | Abyss:2  | Reached skill level 1 in Transmutations
 21168 | Abyss:2  | Reached skill level 1 in Earth Magic
 21179 | Abyss:2  | Noticed a tentacled starspawn
 21185 | Abyss:2  | XOM: summons 7 hostile demons
 21215 | Abyss:2  | Found a corrupted altar of Lugonu.
 21215 | Abyss:2  | Noticed a Hell Sentinel
 21224 | Abyss:2  | XOM: blink monster(s)
 21230 | Abyss:2  | XOM: noise
 21238 | Abyss:2  | XOM: enchant monster (good)
 21250 | Abyss:2  | Killed from afar by a smoke demon
 21251 | Abyss:2  | Found a corrupted altar of Lugonu.
 21287 | Orc:1    | Escaped the Abyss
 21332 | Orc:1    | XOM: enchant monster (bad)
 21333 | Orc:1    | XOM: noise
 21444 | Orc:2    | Entered Level 2 of the Orcish Mines
 21467 | Orc:2    | XOM: noise
 21469 | Orc:2    | Reached skill level 7 in Evocations
 21608 | Orc:2    | XOM: divination: detect creatures
 21635 | Orc:2    | Reached skill level 9 in Fighting
 21723 | Orc:2    | Reached skill level 2 in Transmutations
 21758 | Orc:2    | XOM: divination: magic mapping
 21830 | Orc:2    | Found a staircase to the Elven Halls.
 21995 | Orc:1    | XOM: summons friendly crimson imp
 21998 | Orc:1    | XOM: god gift: 52 gold pieces
 22100 | Orc:2    | Reached skill level 2 in Earth Magic
 22227 | Orc:2    | XOM: confuse monster(s)
 22388 | Orc:2    | XOM: polymorph orc sorcerer -> manticore
 22395 | Orc:2    | Reached skill level 14 in Dodging
 22648 | Orc:2    | Found Roitesec's Armour Shop.
 22648 | Orc:2    | Found Jeagh's Assorted Antiques.
 22792 | Orc:2    | Found Xaxtykhu's Weapon Boutique.
 22794 | Orc:2    | Found Deot's Jewellery Shop.
 22817 | Orc:2    | Bought a scroll of blinking for 202 gold pieces
 22817 | Orc:2    | Bought a potion of heal wounds for 135 gold pieces
 22817 | Orc:2    | Bought a scroll of blinking for 202 gold pieces
 22817 | Orc:2    | Bought a scroll of fear for 108 gold pieces
 22817 | Orc:2    | Bought a scroll of identify for 54 gold pieces
 22873 | Orc:2    | XOM: torment (33/64 hp)
 23172 | D:13     | Noticed Frances
 23303 | D:13     | XOM: enchant monster (bad)
 23304 | D:13     | XOM: enchant monster (bad)
 23311 | D:13     | XOM: god gift: 55 gold pieces
 23316 | D:13     | Reached skill level 1 in Shapeshifting
 23329 | D:13     | XOM: summons 10 friendly demons
 23363 | D:13     | XOM: 5-stop teleportation journey
 23470 | D:13     | Reached skill level 2 in Shapeshifting
 23497 | D:13     | XOM: give mutations
 23497 | D:13     | Gained mutation: Your flesh is very heat resistant. (rF++)
                  | [Xom's grace]
 23497 | D:13     | Gained mutation: Your muscles are strong. (Str +4, Int/Dex
                  | -1) [Xom's grace]
 23497 | D:13     | Gained mutation: Your system is resistant to poisons.
                  | (rPois) [Xom's grace]
 23623 | D:13     | XOM: blink monster(s)
 23626 | D:13     | XOM: butterfly on damage
 23657 | D:13     | Reached skill level 3 in Shapeshifting
 23669 | D:13     | XOM: summons 8 hostile demons
 23716 | D:13     | Found a shadowy altar of Dithmenos.
 23764 | D:13     | XOM: summons 8 hostile demons
 23910 | D:13     | XOM: summons friendly ufetubus
 23914 | D:13     | XOM: summons 2 friendly demons
 23928 | D:13     | Reached skill level 4 in Shapeshifting
 23936 | D:13     | XOM: god gift: +1 morningstar of chaos
 23957 | D:13     | XOM: god gift: sedimented coppery potion {god gift}
 24024 | D:13     | Identified the ring "Ceelagg" {rElec rPois Str-4 Int+6}
 24054 | D:13     | Found a gate to the Vaults.
 24069 | D:13     | XOM: give mutations
 24069 | D:13     | Gained mutation: Your mind is acute. (Int +4, Str/Dex -1)
                  | [Xom's grace]
 24069 | D:13     | Gained mutation: You passively map a small area around you.
                  | [Xom's grace]
 24069 | D:13     | Gained mutation: You expend magic power (3 MP) to
                  | strengthen your wands. [Xom's grace]
 24069 | D:13     | Gained mutation: Your mind is very acute. (Int +8, Str/Dex
                  | -2) [Xom's grace]
 24095 | D:13     | XOM: 4-stop teleportation journey
 24128 | D:13     | XOM: give mutation
 24128 | D:13     | Lost mutation: Your flesh is cold resistant. (rC+) [Xom's
                  | mischief]
 24180 | D:13     | Killed Frances
 24275 | D:14     | XOM: cast spell 'Summon Ice Beast'
 24464 | D:14     | XOM: noise
 24491 | D:14     | Noticed Snorg
 24491 | D:14     | XOM: 1-stop teleportation journey
 24502 | D:14     | XOM: confuse monster(s)
 24504 | D:14     | Killed Snorg
 24507 | D:14     | Reached skill level 10 in Fighting
 24507 | D:14     | Reached skill level 5 in Shapeshifting
 24593 | D:14     | XOM: stat loss: -1 Int (20/21)
 24620 | D:14     | XOM: 2-stop teleportation journey
 24699 | D:14     | XOM: chaos cloud
 24853 | D:14     | XOM: 8-stop teleportation journey
 24880 | D:14     | XOM: summons 2 hostile demons
 25163 | D:14     | Reached XP level 15. HP: 69/69 MP: 16/22
 25491 | D:15     | Entered Level 15 of the Dungeon
 25526 | D:15     | Reached skill level 6 in Shapeshifting
 25622 | D:14     | XOM: divination: magic mapping
 25744 | D:15     | Noticed Roxanne
 25763 | D:15     | XOM: silly message
 25993 | D:15     | XOM: butterfly on damage
 26042 | D:15     | Reached skill level 7 in Shapeshifting
 26159 | D:15     | XOM: silly message
 26235 | D:15     | Found an iron altar of Okawaru.
 26235 | D:15     | XOM: 3-stop teleportation journey
 26438 | D:15     | XOM: cloud trail
 26559 | D:15     | XOM: noise
 26565 | D:15     | Learned a level 4 spell: Fulminant Prism
 26605 | D:15     | XOM: noise
 26609 | D:15     | XOM: torment (30/70 hp)
 26733 | D:15     | Killed Roxanne
 26734 | D:15     | Reached skill level 8 in Shapeshifting
 26772 | D:15     | XOM: enchant monster (bad)
 26777 | D:15     | XOM: polymorph tengu conjurer -> komodo dragon
 26787 | D:15     | XOM: chaos cloud
 26951 | D:15     | XOM: silly message
 27024 | D:15     | Found a staircase to the Depths.
 27329 | D:2      | Killed Crazy Yiuf
 27330 | D:2      | Reached skill level 9 in Shapeshifting
 27528 | D:10     | Killed Talonman3's ghost
 27801 | Snake:1  | Entered Level 1 of the Snake Pit
 27840 | Snake:1  | XOM: noise
 27859 | Snake:1  | XOM: potion effect (curing)
 28111 | Snake:1  | Reached skill level 10 in Shapeshifting
 28175 | Snake:1  | XOM: potion effect (berserk rage)
 28274 | Snake:1  | Found a glowing golden altar of the Shining One.
 28276 | Snake:1  | Noticed Nikola
 28378 | Snake:1  | XOM: divination: magic mapping
 28962 | Snake:1  | Reached skill level 11 in Shapeshifting
 29519 | Snake:1  | XOM: silly message
 29560 | Snake:1  | Slain by Nikola
 29584 | Snake:2  | You fall into a shaft and drop 1 floor!
 29846 | Snake:3  | Reached skill level 12 in Shapeshifting
 29854 | Snake:3  | XOM: potion effect (magic)
 29897 | Snake:3  | XOM: silly message
 29941 | Snake:3  | XOM: 1-stop teleportation journey
 30051 | Snake:2  | XOM: enchant monster (good)
 30120 | Snake:3  | XOM: blink monster(s)
 30273 | Snake:3  | XOM: summons friendly quasit
 30284 | Snake:3  | Reached XP level 16. HP: 73/73 MP: 11/23
 30504 | Snake:3  | XOM: 1-stop teleportation journey
 30575 | Snake:3  | Reached skill level 13 in Shapeshifting
 30632 | Snake:3  | XOM: chaos upgrade
 30653 | Snake:3  | XOM: polymorph naga mage -> guardian serpent
 30785 | Snake:3  | XOM: stat loss: -1 Str (9/10)
 31051 | Snake:3  | XOM: summons 2 hostile demons
 31099 | Snake:3  | XOM: torment (58/74 hp)
 31466 | Snake:3  | XOM: summons 1 hostile shadow creature
 31557 | Snake:2  | Reached skill level 14 in Shapeshifting
 31579 | Snake:2  | XOM: chaos cloud
 31614 | Snake:2  | XOM: enchant monster (bad)
 31692 | Snake:2  | XOM: silly message
 31695 | Snake:2  | XOM: swap monsters
 31696 | Snake:2  | XOM: summons 16 friendly demons
 31698 | Snake:2  | Noticed Mlioglotl
 31708 | Snake:2  | Noticed Vashnia
 31715 | Snake:2  | Killed Mlioglotl
 31716 | Snake:2  | Reached skill level 15 in Shapeshifting
 31718 | Snake:2  | XOM: cleaving
 31726 | Snake:2  | Reached skill level 15 in Dodging
 31733 | Snake:2  | Killed Vashnia
 31734 | Snake:2  | Reached skill level 15 in Unarmed Combat
 31743 | Snake:2  | XOM: fake destruction
 31829 | Snake:2  | XOM: summons friendly red devil
 31928 | Snake:2  | Reached skill level 11 in Fighting
 32092 | Snake:4  | Entered Level 4 of the Snake Pit
 32151 | Snake:4  | Noticed Donald
 32154 | Snake:4  | Identified the serpent talisman of the Wasteland {Slay+3}
 32154 | Snake:4  | Noticed Aizul
 32156 | Snake:4  | XOM: scenery: 3 doors open
 32163 | Snake:3  | XOM: snakes to sticks
 32271 | Snake:4  | XOM: summons friendly sun demon
 32506 | Snake:3  | XOM: butterfly on damage
 32511 | Snake:3  | Slain by Donald
 32530 | Snake:3  | XOM: enchant monster (good)
 32532 | Snake:3  | Killed Donald
 32603 | Snake:4  | XOM: butterfly on damage
 32660 | Snake:4  | Reached skill level 16 in Dodging
 32890 | Snake:4  | XOM: polymorph shock serpent -> water nymph
 32923 | Snake:4  | Reached XP level 17. HP: 79/79 MP: 19/24
 32929 | Snake:4  | XOM: smoke on damage
 32930 | Snake:4  | Killed Aizul
 33093 | Snake:4  | XOM: god gift: wand of digging (5)
 33228 | Snake:4  | Noticed Mara
 33247 | Snake:4  | XOM: enchant monster (bad)
 33251 | Snake:4  | XOM: summons 3 hostile demons
 33254 | Snake:4  | XOM: draining
 33280 | Snake:4  | XOM: potion effect (curing)
 33286 | Snake:4  | Killed Mara
 33287 | Snake:4  | Reached skill level 12 in Fighting
 33329 | Snake:4  | XOM: silly message
 33333 | Snake:4  | XOM: confuse monster(s)
 33336 | Snake:4  | Reached skill level 16 in Unarmed Combat
 33381 | Snake:4  | XOM: summons friendly crimson imp
 33381 | Snake:4  | XOM: smoke on damage
 33528 | Snake:4  | Got a serpentine rune of Zot
 33901 | Lair:5   | Reached skill level 17 in Dodging
 33919 | Lair:5   | XOM: silly message
 33955 | Lair:5   | XOM: divination: magic mapping
 33973 | Lair:5   | XOM: cast spell 'Call Canine Familiar'
 34019 | Lair:5   | XOM: stat loss: -1 Str (9/10)
 34073 | Lair:5   | Found a corrupted altar of Lugonu.
 34073 | Lair:5   | Found a one-way gate to the infinite horrors of the Abyss.
 34075 | Lair:5   | XOM: enchant monster (bad)
 34211 | Lair:5   | Identified the ring of Damefuer {rF+ rC+ rCorr Str+3}
 34355 | Shoals:1 | Entered Level 1 of the Shoals
 34510 | Shoals:1 | Noticed Louise
 34528 | Shoals:1 | Killed Louise
 34535 | Shoals:1 | XOM: chaos upgrade
 34545 | Shoals:1 | XOM: enchant monster (bad)
 34845 | Shoals:1 | XOM: blink monster(s)
 35060 | Shoals:2 | Noticed Polyphemus
 35084 | Shoals:2 | XOM: 2-stop teleportation journey
 35085 | Shoals:2 | Identified a scroll of acquirement
 35088 | Shoals:2 | XOM: noise
 35112 | Shoals:2 | XOM: polymorph sea snake -> moth of wrath
 35115 | Shoals:2 | XOM: confuse monster(s)
 35117 | Shoals:2 | Reached skill level 13 in Fighting
 35143 | Shoals:2 | Killed Polyphemus
 35153 | Shoals:2 | XOM: god gift: 4 atropa-tipped darts
 35228 | Shoals:2 | Noticed a kraken
 35230 | Shoals:2 | XOM: summons 10 friendly demons
 35241 | Shoals:2 | XOM: destruction
 35254 | Shoals:2 | Killed a kraken
 35272 | Shoals:2 | XOM: 1-stop teleportation journey
 35465 | Shoals:2 | Identified the "Letwikat" (You acquired it on level 2 of
                  | the Shoals)
 35465 | Shoals:2 | Acquired 431 gold pieces
 35617 | Shoals:3 | XOM: cleaving
 35628 | Shoals:3 | XOM: scenery: create altars
 35715 | Shoals:3 | Reached skill level 18 in Dodging
 35766 | Shoals:3 | Reached XP level 18. HP: 85/85 MP: 21/25
 35774 | Shoals:3 | Reached skill level 13 in Hexes
 35911 | Shoals:3 | XOM: give mutations
 35911 | Shoals:3 | Gained mutation: You have a pair of small horns on your
                  | head. [Xom's grace]
 35911 | Shoals:3 | Gained mutation: Your flesh is cold resistant. (rC+) [Xom's
                  | grace]
 35911 | Shoals:3 | Gained mutation: You have a pair of horns on your head.
                  | [Xom's grace]
 36057 | Shoals:3 | XOM: confuse monster(s)
 36170 | Shoals:3 | Found Ixupherr's Magic Scroll Shoppe.
 36232 | Shoals:3 | Identified the +5 scale mail of Wu Jian, Transmuting
                  | {Int+2}
 36241 | Shoals:3 | XOM: cloud trail
 36343 | Shoals:4 | Entered Level 4 of the Shoals
 36516 | Shoals:4 | XOM: summons friendly white imp
 36526 | Shoals:4 | XOM: scenery: create altars
 36530 | Shoals:4 | Reached skill level 17 in Unarmed Combat
 36547 | Abyss:3  | Cast into level 3 of the Abyss (merfolk impaler)
 36569 | Abyss:3  | Found a corrupted altar of Lugonu.
 36572 | Abyss:3  | Found a corrupted altar of Lugonu.
 36572 | Abyss:3  | Found a corrupted altar of Lugonu.
 36581 | Abyss:3  | XOM: scenery: summon butterflies
 36649 | Abyss:3  | Noticed a hellephant
 36655 | Abyss:3  | XOM: blink monster(s)
 36666 | Abyss:3  | XOM: summons friendly ufetubus
 36669 | Abyss:3  | Killed a hellephant
 36688 | Abyss:3  | XOM: stat loss: -1 Dex (25/26)
 36714 | Abyss:3  | XOM: god gift: scroll of blinking
 36785 | Abyss:4  | Found a corrupted altar of Lugonu.
 36787 | Abyss:4  | Found a corrupted altar of Lugonu.
 36851 | Abyss:4  | XOM: smoke on damage
 36865 | Abyss:4  | XOM: polymorph swamp dragon -> komodo dragon
 36881 | Abyss:4  | XOM: silly message
 36891 | Shoals:4 | Escaped the Abyss
 36910 | Abyss:4  | XOM: stealth player
 36910 | Abyss:4  | Cast into level 4 of the Abyss (merfolk impaler)
 36924 | Abyss:4  | Identified the of Kuetetri (Xom gifted it to you on level
                  | 4 of the Abyss)
 36924 | Abyss:4  | XOM: god gift: Mema's Omnibus of Variable Nephomancy
 36974 | Abyss:4  | XOM: cleaving
 37003 | Abyss:4  | XOM: god gift: wand of polymorph (3)
 37009 | Abyss:4  | Reached skill level 14 in Hexes
 37026 | Abyss:4  | Paralysed by accursed screaming for 1 turns
 37163 | Shoals:4 | Escaped the Abyss
 37201 | Shoals:4 | XOM: divination: detect items
 37238 | Shoals:4 | XOM: smoke on damage
 37264 | Shoals:4 | XOM: confuse monster(s)
 37334 | Shoals:3 | XOM: divination: detect creatures
 37335 | Shoals:3 | Reached skill level 14 in Fighting
 37459 | Shoals:4 | Reached skill level 16 in Shapeshifting
 37498 | Shoals:4 | XOM: confuse monster(s)
 37522 | Shoals:4 | XOM: enchant monster (bad)
 37525 | Shoals:4 | XOM: divine lightning
 37554 | Shoals:4 | XOM: fake destruction
 37556 | Shoals:4 | Reached skill level 19 in Dodging
 37590 | Shoals:4 | Identified the +2 glaive of the Fray {speed, +Blink rPois
                  | Str-2 Dex+3}
 37792 | Shoals:4 | Reached skill level 15 in Hexes
 37793 | Shoals:4 | Reached XP level 19. HP: 36/91 MP: 21/26
 37843 | Shoals:4 | Got a barnacled rune of Zot
 37991 | Shoals:4 | XOM: 6-stop teleportation journey
 38085 | Shoals:3 | Bought a scroll of blinking for 97 gold pieces
 38085 | Shoals:3 | Bought a scroll of acquirement for 676 gold pieces
 38085 | Shoals:3 | Bought a scroll of summoning for 123 gold pieces
 38085 | Shoals:3 | Identified the "Kaax" (You acquired it on level 3 of the
                  | Shoals)
 38085 | Shoals:3 | Acquired 1191 gold pieces
 38363 | Desolati | Identified the "Cienwe"
 38363 | Desolati | Identified the of Omudosku
 38363 | Crypt:3  | Identified the of Luycsisch
 38363 | Elf:1    | Entered Level 1 of the Elven Halls
 38431 | Elf:1    | Found Seuqaqe's Overcharged Wands.
 38441 | Elf:1    | Bought a wand of digging (11) for 693 gold pieces
 38441 | Elf:1    | Bought a wand of acid (18) for 1134 gold pieces
 38450 | Elf:1    | Found Boni's Jewellery Shoppe.
 38450 | Elf:1    | Found Zehiyrhe's Book Boutique.
 38451 | Elf:1    | Found Megri's Book Boutique.
 38576 | Elf:1    | XOM: confuse monster(s)
 38635 | Elf:1    | XOM: summons friendly neqoxec
 38987 | Elf:1    | Noticed Zenata
 39005 | Elf:1    | Killed Zenata
 39074 | Elf:1    | Found a radiant altar of Vehumet.
 39078 | Elf:1    | XOM: scenery: 1 doors close
 39184 | Elf:1    | XOM: scenery: summon butterflies
 39269 | Elf:1    | Paralysed by an air elemental for 1 turns
 39322 | Elf:1    | XOM: repel stairs
 39397 | Elf:1    | Learned a level 2 spell: Wereblood
 39438 | Elf:2    | Paralysed by an air elemental for 1 turns
 39441 | Elf:2    | Reached skill level 3 in Transmutations
 39528 | Elf:2    | Paralysed by an air elemental for 1 turns
 39533 | Elf:2    | XOM: chaos upgrade
 39614 | Elf:2    | XOM: cast spell 'Olgreb's Toxic Radiance'
 39659 | Elf:2    | Reached skill level 18 in Unarmed Combat
 39659 | Elf:2    | Reached skill level 16 in Hexes
 39757 | Elf:2    | Reached skill level 4 in Transmutations
 39920 | Elf:2    | Found a runed translucent gate.
 39921 | Elf:2    | Found a runed translucent gate.
 39921 | Elf:2    | Found a runed translucent gate.
 40023 | Elf:2    | XOM: fog
 40029 | Elf:2    | XOM: cast spell 'Summon Cactus Giant'
 40133 | Elf:2    | Found Don Ygo Vuaf's Book Emporium.
 40141 | Elf:2    | Bought a book of Party Tricks for 352 gold pieces
 40143 | Elf:2    | Learned a level 1 spell: Apportation
 40167 | Elf:2    | Found a runed translucent gate.
 40168 | Elf:2    | Found a runed translucent gate.
 40169 | Elf:2    | Found a runed translucent gate.
 40171 | Elf:2    | Noticed qipq's ghost (adept OgCj)
 40305 | Elf:3    | Identified the "Avvethun"
 40305 | Elf:3    | Identified the "Daciegou"
 40305 | Elf:3    | Identified the "Reasouf"
 40305 | Elf:3    | Entered Level 3 of the Elven Halls
 40311 | Elf:3    | Reached skill level 15 in Fighting
 40321 | Elf:3    | Reached skill level 20 in Dodging
 40422 | Elf:3    | XOM: potion effect (invisibility)
 40476 | Elf:3    | Reached skill level 5 in Transmutations
 40571 | Elf:3    | XOM: silly message
 40680 | Elf:3    | XOM: potion effect (berserk rage)
 40735 | Elf:3    | XOM: potion effect (invisibility)
 40736 | Elf:3    | XOM: enchant monster (bad)
 40738 | Elf:3    | XOM: swap monsters
 40753 | Elf:3    | XOM: chaos cloud
 40787 | Elf:3    | Reached XP level 20. HP: 97/97 MP: 18/27
 40862 | Elf:3    | Reached skill level 17 in Shapeshifting
 41053 | Elf:3    | Identified the +1 mace of Tusmitaf {protect, rPois rCorr
                  | Dex-5}
 41105 | Elf:3    | Identified the ring "Yharunon" {EV+5 Str+3}
 41111 | Elf:3    | Identified the +4 longbow "Nigif" {elec, rElec rPois rCorr
                  | Int-5}
 41116 | Elf:3    | Identified the ring "Vuelat" {rN+++ Will- Int+6}
 41131 | Elf:3    | Identified the +0 plate armour "Difyoteo" {-Cast rF++ rN+++
                  | Dex+3}
 41381 | Elf:1    | Bought the ring of Baynir Lifa {AC+4 Int+5} for 802 gold
                  | pieces
 41520 | Vaults:1 | Entered Level 1 of the Vaults
 41573 | Vaults:1 | XOM: blink monster(s)
 41585 | Vaults:1 | XOM: draining
 41658 | Vaults:1 | Reached skill level 17 in Hexes
 41713 | Vaults:1 | XOM: fog
 41910 | Vaults:1 | XOM: scenery: summon butterflies
 42189 | Vaults:1 | XOM: confuse monster(s)
 42241 | Vaults:1 | XOM: summons friendly white imp
 42260 | Vaults:1 | XOM: potion effect (curing)
 42640 | Vaults:1 | XOM: god gift: 48 gold pieces
 42946 | Vaults:2 | XOM: silly message
 43076 | Vaults:2 | Reached skill level 21 in Dodging
 43183 | Vaults:2 | Noticed Jory
 43194 | Vaults:2 | Noticed Xtahua
 43195 | Vaults:2 | Killed Jory
 43196 | Vaults:2 | XOM: smoke on damage
 43197 | Vaults:2 | XOM: divination: detect items
 43205 | Vaults:2 | XOM: scenery: create altars
 43206 | Vaults:2 | Killed Xtahua
 43207 | Vaults:2 | Reached skill level 16 in Fighting
 43207 | Vaults:2 | Reached skill level 18 in Hexes
 43214 | Vaults:2 | XOM: enchant monster (good)
 43463 | Vaults:2 | Found the ring of the Hare {EV+10}
 43478 | Vaults:2 | Reached skill level 19 in Unarmed Combat
 43478 | Vaults:2 | XOM: fog
 43637 | Vaults:2 | XOM: scenery: 1 doors close
 43695 | Vaults:2 | XOM: god gift: 993 gold pieces
 43696 | Vaults:2 | XOM: polymorph centaur warrior -> sea snake
 43769 | Vaults:2 | Reached XP level 21. HP: 102/102 MP: 28/28
 43777 | Vaults:2 | XOM: give mutation
 43777 | Vaults:2 | Lost mutation: Your spells are a little easier to cast, but
                  | a little less powerful. [Xom's grace]
 43837 | Vaults:2 | XOM: potion effect (curing)
 43839 | Vaults:2 | XOM: blink monster(s)
 43845 | Vaults:2 | XOM: swap monsters
 43899 | Vaults:2 | XOM: draining
 44056 | Vaults:3 | XOM: chaos upgrade
 44076 | Vaults:3 | XOM: 1-stop teleportation journey
 44161 | Vaults:3 | XOM: 1-stop teleportation journey
 44208 | Vaults:3 | XOM: polymorph deep troll -> slime creature
 44216 | Vaults:3 | XOM: summons 3 hostile demons
 44217 | Vaults:3 | Reached skill level 18 in Shapeshifting
 44220 | Vaults:3 | XOM: noise
 44225 | Vaults:3 | XOM: smoke on damage
 44228 | Vaults:3 | XOM: summons 6 hostile demons
 44233 | Vaults:3 | XOM: summons 3 friendly demons
 44247 | Vaults:3 | XOM: cast spell 'Leda's Liquefaction'
 44261 | Vaults:3 | XOM: enchant monster (bad)
 44269 | Vaults:3 | XOM: confuse monster(s)
 44451 | Vaults:3 | Reached skill level 19 in Hexes
 44464 | Vaults:3 | XOM: noise
 44773 | Vaults:3 | XOM: god gift: fading great sword {god gift}
 44773 | Vaults:3 | Identified the +0 great sword of World's End {chaos, rElec
                  | SInv} (Xom gifted it to you on level 3 of the Vaults)
 44827 | Vaults:3 | XOM: summons 8 hostile demons
 44911 | Vaults:3 | XOM: enchant monster (bad)
 44919 | Vaults:3 | XOM: smoke on damage
 44965 | Vaults:3 | XOM: god gift: chain mail {god gift}
 45082 | Vaults:3 | Found a staircase to the Crypt.
 45204 | Vaults:3 | XOM: noise
 45232 | Vaults:4 | XOM: god gift: wand of paralysis (6)
 45307 | Vaults:4 | XOM: polymorph ironbound convoker -> komodo dragon
 45349 | Vaults:4 | XOM: confuse monster(s)
 45351 | Vaults:4 | Reached skill level 22 in Dodging
 45398 | Vaults:4 | XOM: smoke on damage
 45399 | Vaults:4 | XOM: summons friendly shadow imp
 45531 | Vaults:4 | XOM: summons friendly shadow imp
 45592 | Vaults:4 | XOM: swap monsters
 45612 | Vaults:4 | Found Beof's Antique Weapon Shop.
 45711 | Vaults:4 | XOM: polymorph vault sentinel -> komodo dragon
 45745 | Vaults:4 | XOM: cast spell 'Death Channel'
 45812 | Vaults:4 | XOM: cast spell 'Death Channel'
 45813 | Vaults:4 | Reached skill level 17 in Fighting
 45854 | Vaults:4 | XOM: 1-stop teleportation journey
 45899 | Vaults:4 | Found Nozublag's Armour Shop.
 45944 | Vaults:4 | XOM: give mutation
 45944 | Vaults:4 | Lost mutation: Your muscles are strong. (Str +4, Int/Dex
                  | -1) [Xom's mischief]
 45981 | Vaults:4 | XOM: summons 2 friendly demons
 45983 | Vaults:4 | Reached XP level 22. HP: 108/108 MP: 29/29
 46000 | Vaults:4 | XOM: noise
 46016 | Vaults:4 | Noticed Margery
 46029 | Vaults:4 | Killed Margery
 46030 | Vaults:4 | Reached skill level 20 in Hexes
 46110 | Vaults:4 | Found Ithreneg's Antique Armour Boutique.
 46231 | Vaults:4 | XOM: enchant monster (bad)
 46281 | Vaults:4 | Found Heshidgh's Assorted Antiques.
 46287 | Vaults:4 | Bought a potion of cancellation for 232 gold pieces
 46287 | Vaults:4 | Bought a scroll of revelation for 217 gold pieces
 46407 | Vaults:4 | XOM: noise
 46424 | Vaults:4 | XOM: confuse monster(s)
 46861 | Depths:1 | Entered Level 1 of the Depths
 46896 | Depths:1 | XOM: divination: detect creatures
 46899 | Depths:1 | XOM: cast spell 'Summon Hydra'
 46917 | Depths:1 | Reached skill level 20 in Unarmed Combat
 47011 | Depths:1 | XOM: noise
 47040 | Depths:1 | XOM: noise
 47053 | Depths:1 | XOM: polymorph tengu warrior -> shapeshifter
 47066 | Depths:1 | XOM: enchant monster (bad)
 47069 | Depths:1 | Slain by a purple very ugly thing
 47083 | Depths:1 | XOM: potion effect (invisibility)
 47106 | Depths:1 | XOM: silly message
 47112 | Depths:1 | Reached skill level 19 in Shapeshifting
 47143 | Depths:1 | Found a one-way gate leading to the halls of Pandemonium.
 47149 | Depths:1 | XOM: potion effect (curing)
 47264 | Depths:1 | XOM: potion effect (might)
 47291 | Depths:1 | Found a gateway to Hell.
 47660 | Depths:1 | XOM: silly message
 47700 | Depths:1 | Found a blossoming altar of Fedhas.
 47799 | Depths:2 | Found a one-way gateway to a ziggurat.
 47886 | Depths:2 | XOM: noise
 47887 | Depths:2 | Found a shadowy altar of Dithmenos.
 47890 | Depths:2 | Found the +6 lightning scales {swift, rElec}
 47900 | Depths:2 | XOM: scenery: 3 doors open, 1 doors close
 48004 | Depths:2 | XOM: summons 5 friendly demons
 48017 | Depths:2 | Reached skill level 23 in Dodging
 48086 | Depths:2 | You fall into a shaft and drop 2 floors!
 48086 | Depths:4 | Entered Level 4 of the Depths
 48181 | Depths:2 | XOM: potion effect (brilliance)
 48182 | Depths:2 | XOM: cast spell 'Dispersal'
 48214 | Depths:2 | XOM: destruction
 48219 | Depths:2 | XOM: divination: magic mapping
 48220 | Depths:2 | XOM: 3-stop teleportation journey
 48229 | Depths:2 | XOM: 4-stop teleportation journey
 48366 | Depths:2 | XOM: noise
 48386 | Depths:2 | Reached skill level 21 in Hexes
 48397 | Depths:2 | XOM: enchant monster (good)
 48425 | Depths:2 | Noticed a caustic shrike
 48438 | Depths:2 | Killed a caustic shrike
 48459 | Depths:2 | XOM: summons friendly iron imp
 48511 | Depths:2 | Acquired 727 gold pieces
 48577 | Depths:2 | XOM: noise
 48589 | Depths:2 | XOM: confuse monster(s)
 48678 | Depths:2 | Reached skill level 18 in Fighting
 48728 | Depths:2 | XOM: scenery: create altars
 48933 | Depths:2 | Reached XP level 23. HP: 114/114 MP: 30/30
 49143 | Depths:2 | XOM: give mutations
 49143 | Depths:2 | Lost mutation: Your system is resistant to poisons. (rPois)
                  | [Xom's mischief]
 49143 | Depths:2 | Lost mutation: Your flesh is very heat resistant. (rF++)
                  | [Xom's mischief]
 49143 | Depths:2 | Gained mutation: You have a pair of large horns on your
                  | head. [Xom's mischief]
 49221 | Depths:3 | Found Zihoc's Armour Shoppe.
 49223 | Depths:3 | Found Liyrasose's Weapon Emporium.
 49225 | Depths:3 | Found Byfonocw's Weapon Shoppe.
 49289 | Depths:3 | Noticed a juggernaut
 49306 | Depths:3 | XOM: enchant monster (bad)
 49307 | Depths:3 | Killed a juggernaut
 49311 | Depths:3 | XOM: silly message
 49332 | Depths:3 | XOM: noise
 49335 | Depths:3 | XOM: scenery: 2 doors open
 49336 | Depths:3 | XOM: polymorph tengu reaver -> stone giant
 49717 | Depths:3 | XOM: divination: magic mapping
 49738 | Depths:3 | XOM: potion effect (heal wounds)
 49740 | Depths:3 | Reached skill level 22 in Hexes
 49804 | Depths:3 | XOM: potion effect (brilliance)
 49831 | Depths:3 | XOM: potion effect (curing)
 49839 | Depths:3 | XOM: divination: magic mapping
 50147 | Depths:3 | XOM: scenery: 1 doors close
 50281 | Depths:3 | XOM: scenery: 2 doors close
 50427 | Depths:2 | XOM: silly message
 50683 | Depths:4 | XOM: enchant monster (good)
 50689 | Depths:4 | Found a gate to the Realm of Zot.
 50693 | Depths:4 | XOM: confuse monster(s)
 50722 | Depths:4 | XOM: enchant monster (bad)
 50818 | Depths:4 | Found a hide-covered altar of Uskayaw.
 50883 | Depths:4 | XOM: scenery: 1 doors open
 50884 | Depths:4 | XOM: destruction
 50885 | Depths:4 | XOM: repel stairs
 50889 | Depths:4 | Reached skill level 24 in Dodging
 51001 | Depths:4 | XOM: summons 1 hostile demon
 51084 | Depths:4 | XOM: draining
 51174 | Depths:4 | Reached skill level 21 in Unarmed Combat
 51181 | Depths:4 | Reached skill level 23 in Hexes
 51228 | Depths:4 | XOM: swap monsters
 51262 | Depths:4 | XOM: summons 12 hostile demons
 51801 | Vaults:5 | Entered Level 5 of the Vaults
 51820 | Vaults:5 | Reached skill level 20 in Shapeshifting
 51834 | Vaults:5 | Found the +2 ratskin cloak {*Rats rPois rN+ Str-1 Int-1
                  | Dex+1}
 51876 | Vaults:5 | XOM: cast spell 'Metabolic Englaciation'
 51889 | Vaults:5 | XOM: summons friendly white imp
 51914 | Vaults:5 | XOM: cast spell 'Dispersal'
 51916 | Vaults:5 | XOM: blink monster(s)
 51940 | Vaults:5 | XOM: cleaving
 51944 | Vaults:5 | XOM: enchant monster (good)
 51947 | Vaults:5 | XOM: enchant monster (good)
 51951 | Vaults:5 | Reached XP level 24. HP: 90/120 MP: 30/30
 51953 | Vaults:5 | XOM: fog
 51954 | Vaults:5 | XOM: destruction
 51983 | Vaults:5 | XOM: summons 4 friendly demons
 51995 | Vaults:5 | Reached skill level 24 in Hexes
 51997 | Vaults:5 | XOM: cleaving
 52035 | Vaults:5 | Found the +3 pair of gauntlets of War {Slay+5}
 52082 | Vaults:5 | Noticed a dread lich
 52091 | Vaults:5 | Killed a dread lich
 52092 | Vaults:5 | Reached skill level 19 in Fighting
 52133 | Vaults:5 | Noticed Saint Roka
 52147 | Vaults:5 | Killed Saint Roka
 52230 | Vaults:5 | XOM: god gift: 41 gold pieces
 52276 | Vaults:5 | Found the +8 arc blade {discharge, rElec}
 52278 | Vaults:5 | XOM: destruction
 52402 | Vaults:5 | XOM: cast spell 'Chain of Chaos'
 52423 | Vaults:5 | XOM: fog
 52437 | Vaults:5 | XOM: polymorph deep elf annihilator -> storm dragon
 52439 | Vaults:5 | XOM: summons 16 friendly demons
 52518 | Vaults:5 | Found Jadok's Antique Weapon Shoppe.
 52518 | Vaults:5 | Noticed an ancient lich
 52528 | Vaults:5 | Killed an ancient lich
 52782 | Vaults:5 | XOM: cast spell 'Summon Hydra'
 52903 | Vaults:5 | XOM: summons friendly iron imp
 52906 | Vaults:5 | Reached skill level 25 in Hexes
 52928 | Vaults:5 | Found Ofunwuep's Antique Armour Shoppe.
 52929 | Vaults:5 | Found Qyimmoff's Jewellery Shoppe.
 52933 | Vaults:5 | Got a silver rune of Zot
 53091 | Vaults:5 | XOM: give mutations
 53091 | Vaults:5 | Gained mutation: You passively dampen the noise of your
                  | surroundings. [Xom's grace]
 53091 | Vaults:5 | Gained mutation: Your spells are a little harder to cast,
                  | but a little more powerful. [Xom's grace]
 53091 | Vaults:5 | Gained mutation: Your spells are harder to cast, but more
                  | powerful. [Xom's grace]
 53097 | Vaults:5 | XOM: god gift: 14 gold pieces
 53124 | Vaults:5 | XOM: summons 1 hostile demon
 53181 | Vaults:5 | XOM: divination: detect creatures
 53207 | Vaults:5 | Reached XP level 25. HP: 124/124 MP: 30/30
 53217 | Vaults:5 | XOM: silly message
 53565 | Zot:1    | Entered Level 1 of the Realm of Zot
 53587 | Zot:2    | XOM: silly message
 53597 | Zot:3    | Identified the "Nukile Xeori"
 53597 | Zot:3    | Found a sparkling altar of Nemelex Xobeh.
 53644 | Zot:3    | Reached skill level 26 in Hexes
 53680 | Zot:5    | Entered Level 5 of the Realm of Zot
 53714 | Zot:5    | XOM: divination: detect items
 53764 | Zot:5    | XOM: silly message
 54035 | Zot:5    | Noticed a Killer Klown
 54035 | Zot:5    | Noticed an orb of fire
 54035 | Zot:5    | Noticed an orb of fire
 54035 | Zot:5    | Noticed an ancient lich
 54035 | Zot:5    | Noticed a Killer Klown
 54035 | Zot:5    | Noticed a Killer Klown
 54039 | Zot:5    | Got the Orb of Zot
 54040 | Zot:5    | Noticed a Killer Klown
 54040 | Zot:5    | Noticed a Killer Klown
 54075 | Zot:5    | Reached skill level 27 in Hexes
 54328 | D:11     | Noticed Dilluaq the pandemonium lord
 54396 | D:7      | Noticed Ebyu the pandemonium lord
 54431 | D:5      | Noticed an ancient lich
 54497 | D:1      | XOM: stat loss: -1 Dex (24/25)
 54507 | D:$      | Escaped with the Orb!

Illustrated notes

Levels and vault maps discovered:
D:1:      eino_arrival_cavern_b, layout_rooms
D:2:      layout_basic, uniq_terence, uniq_crazy_yiuf_cottage
D:3:      layout_rooms, mainiacjoe_overflow_small_starburst,
          shapermc_ecumenical_altar_notcrosses
D:4:      layout_loops_corners, marbit_many_paths,
          amethyst_overflow_temple_binary, minmay_misc_feat_nine_boxes,
          chequers_serial_rivers_micro_b
D:5:      layout_basic, uniq_edmund, uniq_ijyb
D:6:      layout_layer_cave, minmay_misc_feat_plants, small_statue_intersection,
          st_stairs_12
D:7:      layout_rooms, nicolae_gozag_zags_fifth_avenue,
          minmay_temple_entry_crystal_x
D:8:      layout_basic, due_lair_maze_entry_diamond, minmay_lizard_king,
          uniq_maurice
D:9:      layout_loops_ring, nicolae_shop_national_dungeon_mall
D:10:     layout_cave_pools, kennysheep_mini, biasface_ghost_orc_armoury
D:11:     layout_roguey
D:12:     layout_basic, erik_orc_3, elyvilon_altar_3, uniq_psyche, uniq_nessos,
          uniq_rupert, uniq_kirke
D:13:     layout_rooms, hangedman_vaults_entry_quadrant_bands,
          nicolae_dithmenos_shadow_blocks, uniq_frances
D:14:     layout_long_grid, minmay_misc_feat_enclosed, uniq_snorg
D:15:     grunt_enter_depths_magical_seal, layout_basic,
          mainiacjoe_okawaru_digging_arena, uniq_roxanne
Lair:1:   minmay_guarded_unrand_snakebite, layout_cave_pods,
          beast_lair_carwin_1, grunt_megastairs_4, infiniplex_staircase_pool_2,
          uniq_joseph
Lair:2:   layout_roguey, mainiacjoe_shoals_entry_four_pools,
          minmay_snake_entry_guardpost_small, chequers_serial_rivers_micro_b,
          lemuel_fruit_fields, serial_bayou_shore_a, lemuel_fruit_fields
Lair:3:   layout_gridlike
Lair:4:   layout_cave_pods, nicolae_slime_entry_slimehenge,
          gammafunk_ghost_grave, cheibrodos_lair_lostbears, grunt_megastairs_5
Lair:5:   hellmonk_lair_end_abyssal_woods, layout_big_grid
Shoals:1: layout_shoals, uniq_louise
Shoals:2: layout_shoals, uniq_polyphemus
Shoals:3: layout_shoals, serial_shops, nicolae_take_the_stairs
Shoals:4: shoals_end_simple, layout_shoals, nicolae_shoals_aquamancer_cove
Snake:1:  layout_chambers, basic_altar, uniq_nikola
Snake:2:  layout_onion_interference, uniq_vashnia, uniq_mlioglotl
Snake:3:  layout_layer_cave, portal_ice_cave_entry_ice_statue_two
Snake:4:  grunt_snake_rune_pools, layout_rooms, uniq_mara, uniq_aizul,
          uniq_donald
Orc:1:    nicolae_orc_accident_1, layout_caves, gammafunk_ghost_smash
Orc:2:    st_orc_mages, layout_caves, mines1_david
Elf:1:    nicolae_elf_arrival_no_cutting_in_line, layout_loops_corners,
          basic_altar, evilmike_minifort, nicolae_shop_overcharged_wands,
          minmay_shop_grove, uniq_zenata
Elf:2:    nicolae_elf_blades_crystal_corner, layout_gridlike, serial_shops,
          shop, ebering_ghost_rock_garden, drop_trap, billiards_dpeg
Elf:3:    minmay_elf_hall_dome, layout_geoelf_grid,
          serial_sigils_hangedman_quiver, corner_web_ring
Vaults:1: nicolae_vaults_more_shelving_1, v_rooms_4, ontoclasm_vaults_idyll,
          vaults_mumra_minichess_inversion, nicolae_vaults_trapezoid_3,
          v_misc_2, nicolae_vaults_network_barrier, st_diamondy,
          nicolae_vaults_network_periphery, nicolae_vaults_storage_room_statues,
          nicolae_vaults_layer_cake_slice, nicolae_vaults_little_squares_4,
          layout_vaults_maze_bifur
Vaults:2: nicolae_vaults_stepped_doors, grunt_vaults_funnel,
          nicolae_vaults_diamond_2, dpeg_vaults_hating_casters,
          nicolae_vaults_trapezoid_2, nicolae_vaults_tetromino_T_1,
          nicolae_vaults_wine_cellar, nicolae_vaults_closet_pinwheel_6,
          grunt_vaults_hallway_short, nicolae_vaults_mini_display_case,
          nicolae_vaults_double_plus_1, vaults_dpeg_hooks,
          layout_vaults_omnigrid, uniq_jory, uniq_xtahua
Vaults:3: portal_desolation_entry_ruin, nicolae_vaults_alarming,
          v_alt_pattern_4, nicolae_vaults_house_2, grunt_vaults_swirl,
          ontoclasm_vaults_twist, nicolae_vaults_closet_pinwheel_4,
          st_octagons_2, v_misc_23, dpeg_vaults_monster_box,
          grunt_vaults_diagonal, vaults_dpeg_emergency_exit,
          layout_vaults_omnicross
Vaults:4: nicolae_vaults_closet_pinwheel_1, ontoclasm_vaults_chip, v_rooms_5,
          vaults_room_large_hall, vaults_room_ringed_pool,
          nicolae_vaults_security_offices_4, vaults_mumra_minichess,
          dpeg_vaults_monster_row, nicolae_vaults_weapon_check, v_misc_13,
          nicolae_vaults_prndl, nicolae_vaults_house_3,
          nicolae_vaults_circle_grid_a, nicolae_vaults_house_2,
          layout_vaults_ring, serial_shops, nicolae_shop_window_shopping,
          nicolae_shop_hallway_plus, shop, nicolae_shop_rolling_square,
          uniq_margery
Vaults:5: serial_shops, uniq_saint_roka
Depths:1: layout_cave_pools, grunt_hell_entry_dis_grunt, rand_demon_pan_entry_7,
          hangedman_decor_peaks_small, fedhas_altar_4
Depths:2: kennysheep_large_vault, layout_gridlike, enter_ziggurat_b,
          grunt_pan_entry_spiral, lemuel_doored_altar, hell_entry
Depths:3: minmay_expanding_squares, layout_honeycomb, grunt_decor_arrowhead,
          hell_entry, abyss_entry, minmay_staircase_statues, minmay_shop_star
Depths:4: grunt_x_marks_the_spot, layout_gridville, grunt_mini_vestibule,
          corexii_leaking_fountain, eat_drink_and_be_merry_uskayaw
Zot:1:    layout_concentric_octagons, zot_minivault_1, uniq_vv
Zot:2:    layout_cellular_growth, hangedman_snake_sidewinding
Zot:3:    gammafunk_mikee_crab_dinner, layout_onion_interference,
          regret_index_zotdec_wing_it, basic_altar
Zot:4:    kennysheep_bubbly, layout_gridlike, drop_trap
Zot:5:    layout_misc_corridors

Skill      XL: |  1  2  3  4  5  6  7  8  9 10 11 12 13 14 15 16 17 18 19 20 21 22 23 24 25 |
---------------+----------------------------------------------------------------------------+-----
Stealth        | 2 3 5 |  5.0
Unarmed Combat | 4 5 7 10 12 14 15 16 17 18 19 20 21 | 21.5
Hexes          | 2 3 5 7 8 12 15 16 18 19 21 23 25 27 | 27.0
Ice Magic      | 1 2 3 4 5 |  5.0
Spellcasting   | 2 3 4 |  4.0
Dodging        | 5 6 9 10 12 13 14 16 18 19 20 21 22 23 24 | 24.9
Fighting       | 4 5 6 7 8 10 11 13 14 15 16 17 18 19 | 19.5
Evocations     | 4 6 7 |  7.5
Translocations | 5 10 | 10.0
Air Magic      | 5 |  5.0
Transmutations | 2 5 |  5.0
Earth Magic    | 2 |  2.3
Shapeshifting  | 5 12 15 16 17 18 19 20 | 20.0

Action                     |  1- 3 |  4- 6 |  7- 9 | 10-12 | 13-15 | 16-18 | 19-21 | 22-24 | 25-27 || total
---------------------------+-------+-------+-------+-------+-------+-------+-------+-------+-------++-------
  Melee: Unarmed           |    74 |   100 |   181 |   484 |  1354 |  1385 |  1311 |  1453 |   154 ||  6496
         Bite              |     2 |     8 |    15 |    64 |   195 |   202 |   195 |   298 |    32 ||  1011
         Punch             |     1 |     1 |     8 |    40 |   147 |   164 |   193 |   285 |    30 ||   869
         Headbutt          |       |       |       |     9 |       |   132 |   377 |   513 |    56 ||  1087
         Maw               |       |       |       |       |    49 |     5 |       |       |       ||    54
   Cast: Passwall          |       |     1 |     4 |     4 |    12 |       |     1 |     1 |     1 ||    24
         Ensorcelled Hiber |       |    16 |    51 |   167 |   207 |     1 |       |       |       ||   442
         Jinxbite          |       |       |     4 |    20 |     5 |       |       |       |       ||    29
         Vhi's Electric Ch |       |       |       |       |   100 |    70 |    48 |    45 |     2 ||   265
         Fulminant Prism   |       |       |       |       |    11 |       |       |       |       ||    11
         Wereblood         |       |       |       |       |       |       |    71 |    41 |     3 ||   115
         Apportation       |       |       |       |       |       |       |       |       |     1 ||     1
  Evoke: Wand              |     1 |     4 |     4 |    17 |    14 |    18 |       |       |     3 ||    61
         Tin of tremorston |       |       |       |       |     3 |     6 |       |     2 |       ||    11
         Box of beasts     |       |       |       |       |       |     2 |       |       |       ||     2
    Use: Potion            |       |     3 |     1 |       |     7 |     8 |       |     1 |     8 ||    28
         Scroll            |       |     3 |     6 |     7 |    11 |     6 |     1 |     5 |    14 ||    53
   Stab: Sleeping          |     5 |    18 |    37 |    83 |   114 |     6 |    10 |     8 |       ||   281
         Distracted        |     1 |       |       |     1 |     7 |     5 |     4 |     5 |       ||    23
         Paralysed         |       |       |       |     5 |     9 |       |     1 |       |       ||    15
         Confused          |       |       |       |     2 |     5 |     3 |     2 |     5 |       ||    17
         Petrified         |       |       |       |     3 |     1 |     1 |     1 |       |       ||     6
         Petrifying        |       |       |       |     1 |       |     1 |       |       |       ||     2
         Invisible         |       |       |       |       |     5 |       |     4 |    10 |     1 ||    20
 Armour: Skin              |    14 |    20 |    47 |   143 |   326 |   710 |   541 |   524 |    52 ||  2377
  Dodge: Dodged            |    52 |    53 |   155 |   714 |  1732 |  2863 |  2983 |  3496 |   236 || 12284
   Form: Maw               |       |       |       |       |     1 |       |       |       |       ||     1
         Statue            |       |       |       |       |       |     1 |       |       |       ||     1

Table legend: (Time is in decaauts)
 A = Elapsed time spent in this place.
 B = Non-inter-level travel time spent in this place.
 C = Inter-level travel time spent in this place.
 D = Time resting spent in this place.
 E = Time spent auto-exploring this place.
 F = Levels seen in this place.
 G = Mean time per level.
                   A        B        C        D        E       F      G
               +--------+--------+--------+--------+--------+-----+--------+
         Total |  60817 |  55076 |   5741 |   4011 |  35352 |  52 | 1169.6 |
       Dungeon |  16345 |  14192 |   2153 |   1767 |   8828 |  15 | 1089.7 |
          Lair |   7870 |   7150 |    720 |    864 |   4536 |   5 | 1574.0 |
        Shoals |   5084 |   4458 |    626 |    169 |   2827 |   4 | 1271.0 |
     Snake Pit |   6883 |   6541 |    342 |    639 |   4194 |   4 | 1720.8 |
  Orcish Mines |   1998 |   1897 |    101 |    320 |    905 |   2 |  999.0 |
   Elven Halls |   4425 |   4091 |    334 |     96 |   2877 |   3 | 1475.0 |
        Vaults |   9729 |   8886 |    843 |     94 |   6546 |   5 | 1945.8 |
        Depths |   6601 |   6003 |    598 |     48 |   4392 |   4 | 1650.2 |
           Zot |    760 |    740 |     20 |      0 |    213 |   5 |  152.0 |
         Abyss |   1117 |   1117 |      0 |     12 |     32 |   5 |  223.4 |
               +--------+--------+--------+--------+--------+-----+--------+

Top non-repeatable levels by time:
 Snake:3: 2751 daAuts
  Lair:1: 2211 daAuts
Vaults:2: 2139 daAuts
Vaults:4: 2093 daAuts
Depths:2: 2073 daAuts
Vaults:5: 1949 daAuts
  Lair:5: 1835 daAuts
 Snake:4: 1826 daAuts
Depths:3: 1825 daAuts
Vaults:3: 1811 daAuts
  Lair:2: 1739 daAuts
Vaults:1: 1735 daAuts
    D:12: 1723 daAuts
   Elf:1: 1722 daAuts
    D:15: 1716 daAuts

Table legend:
 A = Kills in this place as a percentage of kills in the entire game.
 B = Kills by you in this place as a percentage of kills by you in the entire game.
 C = Kills by friends in this place as a percentage of kills by friends in the entire game.
 D = Other kills in this place as a percentage of other kills in the entire game.
 E = Experience gained in this place as a percentage of experience gained in the entire game.
 F = Experience gained in this place divided by the number of levels of this place that you have seen.
                   A       B       C       D       E      F
               +-------+-------+-------+-------+-------+----------------------
         Total | 100.0 | 100.0 | 100.0 | 100.0 | 100.0 | 21314.1
       Dungeon |  19.2 |  18.5 |  59.5 |  15.8 |   6.8 | 4990.2
          Lair |   9.2 |   9.3 |   0.0 |  10.5 |   4.2 | 9282.2
        Shoals |   8.9 |   8.7 |  21.6 |   5.3 |   9.0 | 24914.8
     Snake Pit |  10.6 |  10.4 |  10.8 |  21.1 |  10.6 | 29288.8
  Orcish Mines |   6.1 |   6.3 |   0.0 |   0.0 |   1.2 | 6740.5
   Elven Halls |   7.7 |   7.9 |   0.0 |   5.3 |   9.6 | 35417.7
        Vaults |  21.8 |  22.1 |   5.4 |  26.3 |  32.6 | 72298.4
        Depths |  11.6 |  11.8 |   2.7 |  15.8 |  19.9 | 55162.0
           Zot |   1.1 |   1.2 |   0.0 |   0.0 |   3.1 | 6862.8
         Abyss |   3.8 |   3.9 |   0.0 |   0.0 |   3.1 | 6813.8
               +-------+-------+-------+-------+-------+----------------------
